Workbook
Name Constr: '1'!$A$8
Name Constr: '2'!$A$7
Name Constr: '3'!$A$7
Name Constr: '4'!$A$7
Name Constr: '5'!$A$7
Name Constr: '6'!$A$7
Name Constr: '7'!$A$7
Name Constr: '8'!$A$7
Name FOT: '1'!$D$18
Name FOT: '2'!$D$17
Name FOT: '3'!$D$19
Name FOT: '4'!$D$19
Name FOT: '5'!$D$17
Name FOT: '6'!$D$19
Name FOT: '7'!$D$19
Name FOT: '8'!$D$17
Name Ind: '1'!$H$10
Name Ind: '2'!$H$9
Name Ind: '3'!$H$9
Name Ind: '4'!$H$9
Name Ind: '5'!$H$9
Name Ind: '6'!$H$9
Name Ind: '7'!$H$9
Name Ind: '8'!$H$9
Name Obj: '1'!$E$13
Name Obj: '2'!$E$12
Name Obj: '3'!$E$12
Name Obj: '4'!$E$12
Name Obj: '5'!$E$12
Name Obj: '6'!$E$12
Name Obj: '7'!$E$12
Name Obj: '8'!$E$12
Name Obosn: '1'!$D$16
Name Obosn: '2'!$D$15
Name Obosn: '3'!$D$15
Name Obosn: '4'!$D$15
Name Obosn: '5'!$D$15
Name Obosn: '6'!$D$15
Name Obosn: '7'!$D$15
Name Obosn: '8'!$D$15
Name SmPr: '1'!$D$17
Name SmPr: '2'!$D$16
Name SmPr: '3'!$D$16
Name SmPr: '4'!$D$16
Name SmPr: '5'!$D$16
Name SmPr: '6'!$D$16
Name SmPr: '7'!$D$16
Name SmPr: '8'!$D$16
Name аааааппппппрррппппппп: #REF!
Name аааааппппппрррппппппп: #REF!
Name аараооооооооооооо: #REF!
Name аараооооооооооооо: #REF!
Name автом: #REF!
Name автом: #REF!
Name алшрльоплварл: #REF!
Name алшрльоплварл: #REF!
Name аолвлддддддддддддддддввввввввв: #REF!
Name аолвлддддддддддддддддввввввввв: #REF!
Name апарв: #REF!
Name апарв: #REF!

Sheet 1
A1: СОГЛАСОВАНО: | M1: УТВЕРЖДАЮ:
A4: _________________ | M4: _________________
A5: " _____ " ________________ 201_ г. | M5: "____" ______________201_ г.
H6: ФГУП "Комбинат "Электрохимприбор" г.Лесной
H7: Техперевооружение кузнечного участка цеха №393. Монтаж газовых нагревательных печей
H8: (наименование стройки)
H10: ЛОКАЛЬНЫЙ СМЕТНЫЙ РАСЧЕТ № 1
H11: (локальная смета)
C13: на | D13: Конструкции железобетонные
H14: (наименование работ и затрат, наименование объекта)
D16: Основание: 13-042-КЖ1
D17: Сметная стоимость строительных работ _______________________________________________________________________________________________ | J17: ___________________________222,704 | L17: тыс. руб.
D18: Средства на оплату труда _______________________________________________________________________________________________ | J18: ___________________________3,610 | L18: тыс. руб.
D19: Сметная трудоемкость _______________________________________________________________________________________________ | J19: _______________________________________________________________________________________________280,29 | L19: чел.час
D20: Составлен(а) в текущих (прогнозных) ценах по состоянию на 01.01.2001г.
A23: № пп | B23: Обосно- вание | C23: Наименование | D23: Ед. изм. | E23: Кол. | F23: Стоимость единицы, руб. | J23: Общая стоимость, руб. | N23: Т/з осн. раб.на ед. | O23: Т/з осн. раб. Всего | P23: Т/з мех. на ед. | Q23: Т/з мех. Всего
F24: Всего | G24: В том числе | J24: Всего | K24: В том числе
G25: Осн.З/п | H25: Эк.Маш | I25: З/пМех | K25: Осн.З/п | L25: Эк.Маш | M25: З/пМех
A26: 1 | B26: 2 | C26: 3 | D26: 4 | E26: 5 | F26: 6 | G26: 7 | H26: 8 | I26: 9 | J26: 10 | K26: 11 | L26: 12 | M26: 13 | N26: 14 | O26: 15 | P26: 16 | Q26: 17
A27: Раздел 1.
A28: 1 | B28: ТЕР06-01-005-01 Постан.Правит.Свердл.обл. от 10.11.10 №1616-ПП | C28: Устройство бетонных фундаментов общего назначения объемом до 5 м3 | D28: 100 м3 бетона и железобетона в деле | E28: 0.005 | F28: 14027.2 | G28: 5255.64 | H28: 4236.84 | I28: 628.66 | J28: 70 | K28: 26 | L28: 21 | M28: 3 | N28: 441.28 | O28: 2.21 | P28: 34.58 | Q28: 0.17
A29: 2 | B29: ТСЦ-401-0027 Постан.Правит.Свердл.обл. от 10.11.10 №1616-ПП | C29: Бетон тяжелый, крупность заполнителя более 40 мм, класс В20 (М250) | D29: м3 | E29: 0.51 | F29: 594.19 | J29: 303
A30: 3 | B30: ТЕР08-02-001-09 Постан.Правит.Свердл.обл. от 10.11.10 №1616-ПП | C30: Кладка стен приямков и каналов | D30: 1 м3 кладки | E30: 8 | F30: 327.63 | G30: 82.91 | H30: 92.15 | I30: 6.55 | J30: 2621 | K30: 663 | L30: 737 | M30: 52 | N30: 7.08 | O30: 56.64 | P30: 0.36 | Q30: 2.88
A31: 4 | B31: ТСЦ-404-0010прим. Постан.Правит.Свердл.обл. от 10.11.10 №1616-ПП | C31: Кирпич керамический одинарный, размером 250х120х65 мм, марка 250 Кирпич КОРПо 1НФ/М250/2 | D31: 1000 шт. | E31: 3.2 | F31: 1275.11 | J31: 4080
A32: 5 | B32: ТЕР08-02-001-09 Постан.Правит.Свердл.обл. от 10.11.10 №1616-ПП | C32: Кладка стен приямков и каналов | D32: 1 м3 кладки | E32: 1 | F32: 327.63 | G32: 82.91 | H32: 92.15 | I32: 6.55 | J32: 328 | K32: 83 | L32: 92 | M32: 7 | N32: 7.08 | O32: 7.08 | P32: 0.36 | Q32: 0.36
A33: 6 | B33: ТСЦ-115-2835прим. Постан.Правит.Свердл.обл. от 10.11.10 №1616-ПП | C33: Кирпич шамотный огнеупорный марки ША общего назначения 1 подгруппы с кажущейся плотностью 2,1 г/см3 ШБ-1 | D33: т | E33: 0.8 | F33: 877.5 | J33: 702
A34: 7 | B34: ТЕР06-01-015-07 Постан.Правит.Свердл.обл. от 10.11.10 №1616-ПП | C34: Установка закладных деталей весом до 4 кг | D34: 1 т | E34: 0.109 | F34: 9942.61 | G34: 2758.18 | H34: 42.05 | I34: 2.73 | J34: 1084 | K34: 301 | L34: 5 | N34: 215.82 | O34: 23.52 | P34: 0.15 | Q34: 0.02
A35: 8 | B35: ТЕР06-01-001-01 Постан.Правит.Свердл.обл. от 10.11.10 №1616-ПП | C35: Устройство бетонной подготовки | D35: 100 м3 бетона, бутобетона и железобетона в деле | E35: 0.05 | F35: 9627.53 | G35: 1978.2 | H35: 4648.35 | I35: 327.6 | J35: 481 | K35: 99 | L35: 232 | M35: 16 | N35: 180 | O35: 9 | P35: 18 | Q35: 0.9
A36: 9 | B36: ТСЦ-401-0064 Постан.Правит.Свердл.обл. от 10.11.10 №1616-ПП | C36: Бетон тяжелый, крупность заполнителя 20 мм, класс В10 (М150) | D36: м3 | E36: 5.1 | F36: 562.22 | J36: 2867
A37: 10 | B37: ТЕР06-01-030-02 Постан.Правит.Свердл.обл. от 10.11.10 №1616-ПП | C37: Устройство стен модуля бетонных высотой до 3 м, толщиной до 150 мм | D37: 100 м3 в деле | E37: 0.001 | F37: 131968.69 | G37: 21578.63 | H37: 23800.06 | I37: 1679.66 | J37: 132 | K37: 22 | L37: 24 | M37: 2 | N37: 1773.1 | O37: 1.77 | P37: 92.34 | Q37: 0.09
A38: 11 | B38: ТЕР26-01-054-01 Постан.Правит.Свердл.обл. от 10.11.10 №1616-ПП | C38: Обертывание поверхности виброизоляционными рулонными материалами насухо с проклейкой швов | D38: 100 м2 поверхности покрытия изоляции | E38: 0.4692 | F38: 1007.75 | G38: 389.2 | H38: 64.1 | J38: 473 | K38: 183 | L38: 30 | N38: 31.98 | O38: 15.01
A39: 12 | B39: Прайс-лист | C39: Sylomer SR 110 3300х200х50 Ц:24660/1,18/4,325х1.02х1,003=4943,4 КОЭФ. К ПОЗИЦИИ: на два фундамента ПЗ=2 (ОЗП=2; ЭМ=2 к расх.; ЗПМ=2; МАТ=2 к расх.; ТЗ=2; ТЗМ=2) | D39: м | E39: 6.6 | F39: 9886.8 | J39: 65253
A40: 13 | B40: Прайс-лист | C40: Sylomer SR 18 Ц:13356/1,18/4,325х1.02х1,003=2677,38 КОЭФ. К ПОЗИЦИИ: на два фундамента ПЗ=2 (ОЗП=2; ЭМ=2 к расх.; ЗПМ=2; МАТ=2 к расх.; ТЗ=2; ТЗМ=2) | D40: м | E40: 20.45 | F40: 5354.76 | J40: 109505
A41: 14 | B41: ТЕР01-02-061-01 Постан.Правит.Свердл.обл. от 10.11.10 №1616-ПП | C41: Засыпка вручную траншей, пазух котлованов и ям, группа грунтов 1 | D41: 100 м3 грунта | E41: 0.03 | F41: 935.45 | G41: 935.45 | J41: 28 | K41: 28 | N41: 88.5 | O41: 2.66
A42: 15 | B42: ТСЦ-408-0121 Постан.Правит.Свердл.обл. от 10.11.10 №1616-ПП | C42: Песок природный для строительных работ повышенной крупности и крупный | D42: м3 | E42: 3 | F42: 146.49 | J42: 439
A43: Фундамент монолитный Фом1 / 2шт/
A44: 16 | B44: ТЕР06-01-005-05 Постан.Правит.Свердл.обл. от 10.11.10 №1616-ПП | C44: Устройство железобетонных фундаментов общего назначения объемом до 25 м3 | D44: 100 м3 бетона и железобетона в деле | E44: 0.274 | F44: 9591.96 | G44: 4047.52 | H44: 2490.48 | I44: 330.33 | J44: 2628 | K44: 1109 | L44: 682 | M44: 91 | N44: 342.72 | O44: 93.91 | P44: 18.19 | Q44: 4.98
A45: 17 | B45: ТСЦ-401-0067 Постан.Правит.Свердл.обл. от 10.11.10 №1616-ПП | C45: Бетон тяжелый, крупность заполнителя 20 мм, класс В20 (М250) | D45: м3 | E45: 27.81 | F45: 627.08 | J45: 17439
A46: 18 | B46: ТСЦ-204-0012 Постан.Правит.Свердл.обл. от 10.11.10 №1616-ПП | C46: Горячекатаная арматурная сталь периодического профиля класса А-II, диаметром 12 мм | D46: т | E46: 0.304 | F46: 4504.33 | J46: 1369
A47: 19 | B47: ТЕР06-01-015-07 Постан.Правит.Свердл.обл. от 10.11.10 №1616-ПП | C47: Установка закладных деталей весом до 4 кг | D47: 1 т | E47: 0.0072 | F47: 9942.61 | G47: 2758.18 | H47: 42.05 | I47: 2.73 | J47: 72 | K47: 20 | N47: 215.82 | O47: 1.55 | P47: 0.15
A48: 20 | B48: ТЕР06-01-015-09 Постан.Правит.Свердл.обл. от 10.11.10 №1616-ПП | C48: Установка закладных деталей весом более 20 кг | D48: 1 т | E48: 0.0896 | F48: 7463.03 | G48: 278.6 | H48: 42.05 | I48: 2.73 | J48: 669 | K48: 25 | L48: 4 | N48: 21.8 | O48: 1.95 | P48: 0.15 | Q48: 0.01
A49: 21 | B49: ТЕР06-01-015-01 Постан.Правит.Свердл.обл. от 10.11.10 №1616-ПП | C49: Установка анкерных болтов в готовые гнезда с заделкой длиной до 1 м | D49: 1 т | E49: 0.01 | F49: 14827.9 | G49: 3931.32 | H49: 72.26 | I49: 4.55 | J49: 148 | K49: 39 | L49: 1 | N49: 315.01 | O49: 3.15 | P49: 0.25
A50: 22 | B50: ТСЦ-205-0016 Постан.Правит.Свердл.обл. от 10.11.10 №1616-ПП | C50: Анкеры из стали жаростойкой марки 20Х23Н18 | D50: т | E50: 0.01 | F50: 20233 | J50: 202
A51: 23 | B51: Прайс-лист | C51: Анкера химические Хилти шпилька с капсулой Ц:101,97/1,18/4,352х1,02х1,003 | D51: шт | E51: 30 | F51: 20.31 | J51: 609
A52: 24 | B52: ТЕР46-03-001-01 Постан.Правит.Свердл.обл. от 10.11.10 №1616-ПП | C52: Сверление кольцевыми алмазными сверлами в железобетонных конструкциях с применением охлаждающей жидкости (воды) вертикальных отверстий глубиной 200 мм диаметром 20 мм | D52: 100 отверстий | E52: 0.3 | F52: 2712.24 | G52: 234.42 | H52: 872.51 | I52: 222.22 | J52: 814 | K52: 70 | L52: 262 | M52: 67 | N52: 17.3 | O52: 5.19 | P52: 16.4 | Q52: 4.92
A53: 25 | B53: ТЕР46-03-001-17 Постан.Правит.Свердл.обл. от 10.11.10 №1616-ПП | C53: На каждые 10 мм изменения глубины сверления добавляется или исключается к расценке 46-03-001-01 КОЭФ. К ПОЗИЦИИ: ПЗ=7,5 (ОЗП=7,5; ЭМ=7,5 к расх.; ЗПМ=7,5; МАТ=7,5 к расх.; ТЗ=7,5; ТЗМ=7,5) | D53: 100 отверстий | E53: -0.3 | F53: 874.73 | G53: 19.28 | H53: 253.5 | I53: 83.33 | J53: -262 | K53: -6 | L53: -76 | M53: -25 | N53: 1.43 | O53: -0.43 | P53: 6.15 | Q53: -1.85
A54: Участок монолитный УМ1
A55: 26 | B55: ТЕР06-01-001-16 Постан.Правит.Свердл.обл. от 10.11.10 №1616-ПП | C55: Устройство фундаментных плит железобетонных плоских | D55: 100 м3 бетона, бутобетона и железобетона в деле | E55: 0.003 | F55: 10431.98 | G55: 2650.13 | H55: 7038.24 | I55: 496.22 | J55: 31 | K55: 8 | L55: 21 | M55: 1 | N55: 220.66 | O55: 0.66 | P55: 27.31 | Q55: 0.08
A56: 27 | B56: ТСЦ-401-0067 Постан.Правит.Свердл.обл. от 10.11.10 №1616-ПП | C56: Бетон тяжелый, крупность заполнителя 20 мм, класс В20 (М250) | D56: м3 | E56: 0.3045 | F56: 627.08 | J56: 191
A57: 28 | B57: ТСЦ-204-0020 Постан.Правит.Свердл.обл. от 10.11.10 №1616-ПП | C57: Горячекатаная арматурная сталь периодического профиля класса А-III, диаметром 8 мм | D57: т | E57: 0.0079 | F57: 5156.3 | J57: 41
A58: 29 | B58: ТЕР06-01-015-07 Постан.Правит.Свердл.обл. от 10.11.10 №1616-ПП | C58: Установка закладных деталей весом до 4 кг | D58: 1 т | E58: 0.001 | F58: 9942.61 | G58: 2758.18 | H58: 42.05 | I58: 2.73 | J58: 10 | K58: 3 | N58: 215.82 | O58: 0.22 | P58: 0.15
A59: 30 | B59: ТЕР06-01-015-09 Постан.Правит.Свердл.обл. от 10.11.10 №1616-ПП | C59: Установка закладных деталей весом более 20 кг | D59: 1 т | E59: 0.1446 | F59: 7463.03 | G59: 278.6 | H59: 42.05 | I59: 2.73 | J59: 1079 | K59: 40 | L59: 6 | N59: 21.8 | O59: 3.15 | P59: 0.15 | Q59: 0.02
A60: Участок монолитный УМ2
A61: 31 | B61: ТЕР06-01-001-16 Постан.Правит.Свердл.обл. от 10.11.10 №1616-ПП | C61: Устройство фундаментных плит железобетонных плоских | D61: 100 м3 бетона, бутобетона и железобетона в деле | E61: 0.003 | F61: 10431.98 | G61: 2650.13 | H61: 7038.24 | I61: 496.22 | J61: 31 | K61: 8 | L61: 21 | M61: 1 | N61: 220.66 | O61: 0.66 | P61: 27.31 | Q61: 0.08
A62: 32 | B62: ТСЦ-401-0067 Постан.Правит.Свердл.обл. от 10.11.10 №1616-ПП | C62: Бетон тяжелый, крупность заполнителя 20 мм, класс В20 (М250) | D62: м3 | E62: 0.3045 | F62: 627.08 | J62: 191
A63: 33 | B63: ТСЦ-204-0020 Постан.Правит.Свердл.обл. от 10.11.10 №1616-ПП | C63: Горячекатаная арматурная сталь периодического профиля класса А-III, диаметром 8 мм | D63: т | E63: 0.0079 | F63: 5156.3 | J63: 41
A64: 34 | B64: ТЕР06-01-015-07 Постан.Правит.Свердл.обл. от 10.11.10 №1616-ПП | C64: Установка закладных деталей весом до 4 кг | D64: 1 т | E64: 0.001 | F64: 9942.61 | G64: 2758.18 | H64: 42.05 | I64: 2.73 | J64: 10 | K64: 3 | N64: 215.82 | O64: 0.22 | P64: 0.15
A65: 35 | B65: ТЕР06-01-015-09 Постан.Правит.Свердл.обл. от 10.11.10 №1616-ПП | C65: Установка закладных деталей весом более 20 кг | D65: 1 т | E65: 0.1446 | F65: 7463.03 | G65: 278.6 | H65: 42.05 | I65: 2.73 | J65: 1079 | K65: 40 | L65: 6 | N65: 21.8 | O65: 3.15 | P65: 0.15 | Q65: 0.02
A66: Изделие закладное Мн1
A67: 36 | B67: ТЕР06-01-015-07 Постан.Правит.Свердл.обл. от 10.11.10 №1616-ПП | C67: Установка закладных деталей весом до 4 кг | D67: 1 т | E67: 0.0041 | F67: 9942.61 | G67: 2758.18 | H67: 42.05 | I67: 2.73 | J67: 41 | K67: 11 | N67: 215.82 | O67: 0.88 | P67: 0.15
A68: Изделие закладное Мн2
A69: 37 | B69: ТЕР06-01-015-09 Постан.Правит.Свердл.обл. от 10.11.10 №1616-ПП | C69: Установка закладных деталей весом более 20 кг | D69: 1 т | E69: 0.0654 | F69: 7463.03 | G69: 278.6 | H69: 42.05 | I69: 2.73 | J69: 488 | K69: 18 | L69: 3 | N69: 21.8 | O69: 1.43 | P69: 0.15 | Q69: 0.01
A70: Итого по разделу 1 | J70: 222704 | O70: 280.29 | Q70: 15.23
A71: ИТОГИ ПО СМЕТЕ:
A72: Итого прямые затраты по смете в ценах 2001г. | J72: 215287 | K72: 2793 | L72: 2071 | M72: 215 | O72: 233.58 | Q72: 12.69
A73: Итого прямые затраты по смете с учетом коэффициентов к итогам | J73: 216260 | K73: 3352 | L73: 2485 | M73: 258 | O73: 280.29 | Q73: 15.23
A74: В том числе, справочно:
A75: 1. Производство строительных работ по возведению конструктивных элементов промышленных зданий и сооружений (фундаменты, элементы каркаса, стены, перекрытия и др.) внутри строящихся зданий при возведенной коробке здания, в случаях, когда это обосновано ПОС ОЗП=1,2; ЭМ=1,2; ЗПМ=1,2; ТЗ=1,2; ТЗМ=1,2 (Поз. 1-2, 7-10, 16-21, 26-37, 3, 5, 11-14, 24-25) | J75: 973 | K75: 559 | L75: 414 | M75: 43 | O75: 46.716 | Q75: 2.538
A76: Накладные расходы | J76: 3942
A77: В том числе, справочно:
A78: 80% ФОТ (от 34) (Поз. 14) | J78: 27
A79: 100% ФОТ (от 220) (Поз. 11-13) | J79: 220
A80: 105% ФОТ (от 2263) (Поз. 1-2, 7-10, 16-21, 26-37) | J80: 2376
A81: 110% ФОТ (от 127) (Поз. 24-25) | J81: 140
A82: 122% ФОТ (от 966) (Поз. 3, 5) | J82: 1179
A83: Сметная прибыль | J83: 2502
A84: В том числе, справочно:
A85: 45% ФОТ (от 34) (Поз. 14) | J85: 15
A86: 65% ФОТ (от 2263) (Поз. 1-2, 7-10, 16-21, 26-37) | J86: 1471
A87: 70% ФОТ (от 347) (Поз. 11-13, 24-25) | J87: 243
A88: 80% ФОТ (от 966) (Поз. 3, 5) | J88: 773
A89: Итоги по смете:
A90: Бетонные и железобетонные монолитные конструкции в промышленном строительстве | J90: 34901 | O90: 176.92 | Q90: 7.66
A91: Конструкции из кирпича и блоков | J91: 5216 | O91: 76.46 | Q91: 3.89
A92: Промышленные печи и трубы | J92: 4782
A93: Теплоизоляционные работы | J93: 175648 | O93: 18.01
A94: Земляные работы, выполняемые ручным способом | J94: 76 | O94: 3.19
A95: Полы | J95: 439
A96: Строительные металлические конструкции | J96: 811
A97: Работы по реконструкции зданий и сооружений (усиление и замена существующих конструкций, разборка и возведение отдельных конструктивных элементов) | J97: 831 | O97: 5.71 | Q97: 3.68
A98: Итого | J98: 222704 | O98: 280.29 | Q98: 15.23
A99: В том числе:
A100: Материалы | J100: 35056
A101: Машины и механизмы | J101: 2485
A102: ФОТ | J102: 3610
A103: Накладные расходы | J103: 3942
A104: Сметная прибыль | J104: 2502
A105: ВСЕГО по смете | J105: 222704 | O105: 280.29 | Q105: 15.23

Sheet 2
A1: СОГЛАСОВАНО: | M1: УТВЕРЖДАЮ:
A4: _________________ | M4: _________________
A5: " _____ " ________________ 201_ г. | M5: "____" ______________201_ г.
H6: ФГУП "Комбинат "Электрохимприбор" г.Лесной
H7: (наименование стройки)
H9: ЛОКАЛЬНЫЙ СМЕТНЫЙ РАСЧЕТ № 2
H10: (локальная смета)
C12: на | D12: Конструкции металлические
H13: (наименование работ и затрат, наименование объекта)
D15: Основание: 13-042-КМ1
D16: Сметная стоимость строительных работ _______________________________________________________________________________________________ | J16: ___________________________32,933 | L16: тыс. руб.
D17: Средства на оплату труда _______________________________________________________________________________________________ | J17: ___________________________0,972 | L17: тыс. руб.
D18: Сметная трудоемкость _______________________________________________________________________________________________ | J18: _______________________________________________________________________________________________61,16 | L18: чел.час
D19: Составлен(а) в текущих (прогнозных) ценах по состоянию на 01.01.2001г.
A22: № пп | B22: Обосно- вание | C22: Наименование | D22: Ед. изм. | E22: Кол. | F22: Стоимость единицы, руб. | J22: Общая стоимость, руб. | N22: Т/з осн. раб.на ед. | O22: Т/з осн. раб. Всего | P22: Т/з мех. на ед. | Q22: Т/з мех. Всего
F23: Всего | G23: В том числе | J23: Всего | K23: В том числе
G24: Осн.З/п | H24: Эк.Маш | I24: З/пМех | K24: Осн.З/п | L24: Эк.Маш | M24: З/пМех
A25: 1 | B25: 2 | C25: 3 | D25: 4 | E25: 5 | F25: 6 | G25: 7 | H25: 8 | I25: 9 | J25: 10 | K25: 11 | L25: 12 | M25: 13 | N25: 14 | O25: 15 | P25: 16 | Q25: 17
A26: Раздел 1. Монтажные работы
A27: 1 | B27: ТЕР09-03-002-01 Постан.Правит.Свердл.обл. от 10.11.10 №1616-ПП | C27: Монтаж колонн одноэтажных и многоэтажных зданий и крановых эстакад высотой до 25 м цельного сечения массой до 1,0 т | D27: 1 т конструкций | E27: 1.348 | F27: 524.12 | G27: 135.48 | H27: 333.46 | I27: 34.95 | J27: 707 | K27: 183 | L27: 450 | M27: 47 | N27: 10.47 | O27: 14.11 | P27: 1.91 | Q27: 2.57
A28: 2 | B28: ТСЦ-201-0755 Постан.Правит.Свердл.обл. от 10.11.10 №1616-ПП | C28: Отдельные конструктивные элементы зданий и сооружений с преобладанием горячекатаных профилей, средняя масса сборочной единицы до 0,1 т | D28: т | E28: 1.348 | F28: 11650.16 | J28: 15704
A29: 3 | B29: ТЕР09-03-002-12 Постан.Правит.Свердл.обл. от 10.11.10 №1616-ПП | C29: Монтаж балок, ригелей перекрытия, покрытия и под установку оборудования многоэтажных зданий при высоте здания до 25 м | D29: 1 т конструкций | E29: 0.589 | F29: 1348.89 | G29: 262.44 | H29: 933.9 | I29: 51.76 | J29: 794 | K29: 155 | L29: 550 | M29: 30 | N29: 18.25 | O29: 10.75 | P29: 2.57 | Q29: 1.51
A30: 4 | B30: ТСЦ-201-0755 Постан.Правит.Свердл.обл. от 10.11.10 №1616-ПП | C30: Отдельные конструктивные элементы зданий и сооружений с преобладанием горячекатаных профилей, средняя масса сборочной единицы до 0,1 т | D30: т | E30: 0.589 | F30: 11650.16 | J30: 6862
A31: 5 | B31: ТЕР09-03-030-01 Постан.Правит.Свердл.обл. от 10.11.10 №1616-ПП | C31: Монтаж площадок с настилом и ограждением из листовой, рифленой, просечной и круглой стали | D31: 1 т конструкций | E31: 0.083 | F31: 1369.06 | G31: 506.34 | H31: 754.17 | I31: 86.09 | J31: 114 | K31: 42 | L31: 63 | M31: 7 | N31: 39.13 | O31: 3.25 | P31: 4.72 | Q31: 0.39
A32: 6 | B32: ТСЦ-101-3791 Постан.Правит.Свердл.обл. от 10.11.10 №1616-ПП | C32: Сталь листовая горячекатаная рифленая марки Ст3 толщиной 3-6 мм | D32: т | E32: 0.083 | F32: 7606.09 | J32: 631
A33: 7 | B33: ТЕР09-03-029-01 Постан.Правит.Свердл.обл. от 10.11.10 №1616-ПП | C33: Монтаж лестниц прямолинейных и криволинейных, пожарных с ограждением | D33: 1 т конструкций | E33: 0.235 | F33: 1387.54 | G33: 428.9 | H33: 850.09 | I33: 102.76 | J33: 326 | K33: 101 | L33: 200 | M33: 24 | N33: 32.37 | O33: 7.61 | P33: 5.64 | Q33: 1.33
A34: 8 | B34: ТСЦ-201-0650 Постан.Правит.Свердл.обл. от 10.11.10 №1616-ПП | C34: Ограждения лестничных проемов, лестничные марши, пожарные лестницы | D34: т | E34: 0.235 | F34: 13627.82 | J34: 3203
A35: 9 | B35: ТЕР06-01-015-01 Постан.Правит.Свердл.обл. от 10.11.10 №1616-ПП | C35: Установка анкерных болтов в готовые гнезда с заделкой длиной до 1 м для Кс1, Кс2, Ст1, Ст2 | D35: 1 т | E35: 0.01 | F35: 14827.9 | G35: 3931.32 | H35: 72.26 | I35: 4.55 | J35: 148 | K35: 39 | L35: 1 | N35: 315.01 | O35: 3.15 | P35: 0.25
A36: 10 | B36: Прайс-лист | C36: Клиновые анкера 16-25/145 фирмы МКТ Ц:51,68/1,18/4,325х1,02х1,003 | D36: шт | E36: 20 | F36: 10.36 | J36: 207
A37: 11 | B37: ТЕР46-03-001-01 Постан.Правит.Свердл.обл. от 10.11.10 №1616-ПП | C37: Сверление кольцевыми алмазными сверлами в железобетонных конструкциях с применением охлаждающей жидкости (воды) вертикальных отверстий глубиной 200 мм диаметром 20 мм | D37: 100 отверстий | E37: 0.2 | F37: 2712.24 | G37: 234.42 | H37: 872.51 | I37: 222.22 | J37: 542 | K37: 47 | L37: 175 | M37: 44 | N37: 17.3 | O37: 3.46 | P37: 16.4 | Q37: 3.28
A38: 12 | B38: ТЕР46-03-001-17 Постан.Правит.Свердл.обл. от 10.11.10 №1616-ПП | C38: На каждые 10 мм изменения глубины сверления добавляется или исключается к расценке 46-03-001-01 КОЭФ. К ПОЗИЦИИ: ПЗ=9 (ОЗП=9; ЭМ=9 к расх.; ЗПМ=9; МАТ=9 к расх.; ТЗ=9; ТЗМ=9) | D38: 100 отверстий | E38: -0.2 | F38: 1049.67 | G38: 23.13 | H38: 304.2 | I38: 99.99 | J38: -210 | K38: -5 | L38: -61 | M38: -20 | N38: 1.71 | O38: -0.34 | P38: 7.38 | Q38: -1.48
A39: 13 | B39: ТЕР13-03-004-06 Постан.Правит.Свердл.обл. от 10.11.10 №1616-ПП | C39: Окраска металлических огрунтованных поверхностей эмалью ХВ-124 за 2 раза (общ.указания) КОЭФ. К ПОЗИЦИИ: 1.13.7.ОП При нанесении лакокрасочных материалов ручным способом ОЗП=1,1; ТЗ=1,1; ПЗ=2 (ОЗП=2; ЭМ=2 к расх.; ЗПМ=2; МАТ=2 к расх.; ТЗ=2; ТЗМ=2) | D39: 100 м2 окрашиваемой поверхности | E39: 1.65 | F39: 275.4 | G39: 69.46 | H39: 15.54 | I39: 0.32 | J39: 454 | K39: 115 | L39: 26 | M39: 1 | N39: 5.44 | O39: 8.98 | P39: 0.02 | Q39: 0.03
A40: 14 | B40: Прайс-лист | C40: Эмаль "Экспресс" Ц:193/1,18/4,325х1,02х1,003 | D40: кг | E40: 35 | F40: 38.69 | J40: 1354
A41: Итого по разделу 1 Монтажные работы | J41: 32933 | O41: 61.16 | Q41: 9.16
A42: ИТОГИ ПО СМЕТЕ:
A43: Итого прямые затраты по смете в ценах 2001г. | J43: 30836 | K43: 677 | L43: 1404 | M43: 133 | O43: 50.97 | Q43: 7.63
A44: Итого прямые затраты по смете с учетом коэффициентов к итогам | J44: 31252 | K44: 812 | L44: 1685 | M44: 160 | O44: 61.16 | Q44: 9.16
A45: В том числе, справочно:
A46: 1. Производство строительных работ по возведению конструктивных элементов промышленных зданий и сооружений (фундаменты, элементы каркаса, стены, перекрытия и др.) внутри строящихся зданий при возведенной коробке здания, в случаях, когда это обосновано ПОС ОЗП=1,2; ЭМ=1,2; ЗПМ=1,2; ТЗ=1,2; ТЗМ=1,2 (Поз. 1-8, 10, 14, 9, 11-13) | J46: 416 | K46: 135 | L46: 281 | M46: 27 | O46: 10.194 | Q46: 1.526
A47: Накладные расходы | J47: 897
A48: В том числе, справочно:
A49: 90% ФОТ (от 846) (Поз. 1-8, 10, 14, 13) | J49: 761
A50: 105% ФОТ (от 47) (Поз. 9) | J50: 49
A51: 110% ФОТ (от 79) (Поз. 11-12) | J51: 87
A52: Сметная прибыль | J52: 784
A53: В том числе, справочно:
A54: 65% ФОТ (от 47) (Поз. 9) | J54: 31
A55: 70% ФОТ (от 218) (Поз. 11-13) | J55: 152
A56: 85% ФОТ (от 707) (Поз. 1-8, 10, 14) | J56: 601
A57: Итоги по смете:
A58: Строительные металлические конструкции | J58: 31488 | O58: 42.86 | Q58: 6.96
A59: Бетонные и железобетонные монолитные конструкции в промышленном строительстве | J59: 236 | O59: 3.78
A60: Работы по реконструкции зданий и сооружений (усиление и замена существующих конструкций, разборка и возведение отдельных конструктивных элементов) | J60: 505 | O60: 3.74 | Q60: 2.16
A61: Защита строительных конструкций и оборудования от коррозии | J61: 704 | O61: 10.78 | Q61: 0.04
A62: Итого | J62: 32933 | O62: 61.16 | Q62: 9.16
A63: В том числе:
A64: Материалы | J64: 27194
A65: Машины и механизмы | J65: 1685
A66: ФОТ | J66: 972
A67: Накладные расходы | J67: 897
A68: Сметная прибыль | J68: 784
A69: ВСЕГО по смете | J69: 32933 | O69: 61.16 | Q69: 9.16

Sheet 3
A1: СОГЛАСОВАНО: | M1: УТВЕРЖДАЮ:
A4: _________________ | M4: _________________
A5: " _____ " ________________ 201_ г. | M5: "____" ______________201_ г.
H6: ФГУП "Комбинат "Электрохимприбор" г.Лесной
H7: (наименование стройки)
H9: ЛОКАЛЬНЫЙ СМЕТНЫЙ РАСЧЕТ № 3
H10: (локальная смета)
C12: на | D12: Дымопроводы отводящие
H13: (наименование работ и затрат, наименование объекта)
D15: Основание: 13-042-01.00.00.000 С.01
D16: Сметная стоимость _______________________________________________________________________________________________ | J16: ___________________________180,611 | L16: тыс. руб.
D17: строительных работ _______________________________________________________________________________________________ | J17: _______________________________________________________________________________________________161,576 | L17: тыс. руб.
D18: монтажных работ _______________________________________________________________________________________________ | J18: _______________________________________________________________________________________________19,035 | L18: тыс. руб.
D19: Средства на оплату труда _______________________________________________________________________________________________ | J19: ___________________________11,525 | L19: тыс. руб.
D20: Сметная трудоемкость _______________________________________________________________________________________________ | J20: _______________________________________________________________________________________________830,51 | L20: чел.час
D21: Составлен(а) в текущих (прогнозных) ценах по состоянию на 01.01.2001г.
A24: № пп | B24: Обосно- вание | C24: Наименование | D24: Ед. изм. | E24: Кол. | F24: Стоимость единицы, руб. | J24: Общая стоимость, руб. | N24: Т/з осн. раб.на ед. | O24: Т/з осн. раб. Всего | P24: Т/з мех. на ед. | Q24: Т/з мех. Всего
F25: Всего | G25: В том числе | J25: Всего | K25: В том числе
G26: Осн.З/п | H26: Эк.Маш | I26: З/пМех | K26: Осн.З/п | L26: Эк.Маш | M26: З/пМех
A27: 1 | B27: 2 | C27: 3 | D27: 4 | E27: 5 | F27: 6 | G27: 7 | H27: 8 | I27: 9 | J27: 10 | K27: 11 | L27: 12 | M27: 13 | N27: 14 | O27: 15 | P27: 16 | Q27: 17
A28: Раздел 1. Секция 1 - 2 шт
A29: 1 | B29: ТЕРм38-01-006-07 Постан.Правит.Свердл.обл. от 10.11.10 №1616-ПП | C29: Изготовление и сборка с помощью лебедок ручных (с установкой и снятием их в процессе работы) или вручную (мелких деталей) листовые конструкции массой до 0,5 т (бачки, течки, воронки, желоба, лотки и пр.) / Стенки/ | D29: 1 т конструкций | E29: 0.17 | F29: 6876.13 | G29: 2570.5 | H29: 3760.46 | I29: 49.74 | J29: 1169 | K29: 437 | L29: 639 | M29: 8 | N29: 194 | O29: 32.98 | P29: 3.5 | Q29: 0.6
A30: 2 | B30: ТСЦ-101-3772 Постан.Правит.Свердл.обл. от 10.11.10 №1616-ПП | C30: Сталь листовая горячекатаная марки Ст3 толщиной 3,0 мм | D30: т | E30: 0.17 | F30: 7135.55 | J30: 1213
A31: 3 | B31: ТЕРм38-01-006-08 Постан.Правит.Свердл.обл. от 10.11.10 №1616-ПП | C31: Сборка с помощью лебедок ручных (с установкой и снятием их в процессе работы) или вручную (мелких деталей) стремянки, связи, кронштейны, тормозные конструкции и пр. / Фланцы/ | D31: 1 т конструкций | E31: 0.032 | F31: 4258.4 | G31: 1722.5 | H31: 2301.71 | I31: 19.94 | J31: 136 | K31: 55 | L31: 74 | M31: 1 | N31: 130 | O31: 4.16 | P31: 1.3 | Q31: 0.04
A32: 4 | B32: ТСЦ-101-2542 Постан.Правит.Свердл.обл. от 10.11.10 №1616-ПП | C32: Сталь угловая 50х50 мм | D32: т | E32: 0.032 | F32: 7493.82 | J32: 240
A33: 5 | B33: ТЕР45-06-004-05прим. Постан.Правит.Свердл.обл. от 10.11.10 №1616-ПП | C33: Футеровка стен тепловых агрегатов плитными материалами, толщина футеровки до 200 мм Модуль ALSIBLOCK 1260/150 150х700х150 35шт | D33: 1 м2 футеровки | E33: 7.35 | F33: 2095.08 | G33: 207.36 | H33: 97.19 | I33: 4.86 | J33: 15399 | K33: 1524 | L33: 714 | M33: 36 | N33: 15.07 | O33: 110.76 | P33: 0.28 | Q33: 2.06
A34: Итого по разделу 1 Секция 1 - 2 шт | J34: 22853 | O34: 177.48 | Q34: 3.24
A35: Раздел 2. Секция 2 - 2шт
A36: 6 | B36: ТЕРм38-01-006-07 Постан.Правит.Свердл.обл. от 10.11.10 №1616-ПП | C36: Изготовление и сборка с помощью лебедок ручных (с установкой и снятием их в процессе работы) или вручную (мелких деталей) листовые конструкции массой до 0,5 т (бачки, течки, воронки, желоба, лотки и пр.) / Стенки/ | D36: 1 т конструкций | E36: 0.22 | F36: 6876.13 | G36: 2570.5 | H36: 3760.46 | I36: 49.74 | J36: 1513 | K36: 566 | L36: 827 | M36: 11 | N36: 194 | O36: 42.68 | P36: 3.5 | Q36: 0.77
A37: 7 | B37: ТСЦ-101-3772 Постан.Правит.Свердл.обл. от 10.11.10 №1616-ПП | C37: Сталь листовая горячекатаная марки Ст3 толщиной 3,0 мм | D37: т | E37: 0.22 | F37: 7135.55 | J37: 1570
A38: 8 | B38: ТЕРм38-01-006-08 Постан.Правит.Свердл.обл. от 10.11.10 №1616-ПП | C38: Сборка с помощью лебедок ручных (с установкой и снятием их в процессе работы) или вручную (мелких деталей) стремянки, связи, кронштейны, тормозные конструкции и пр. / Фланцы/ | D38: 1 т конструкций | E38: 0.032 | F38: 4258.4 | G38: 1722.5 | H38: 2301.71 | I38: 19.94 | J38: 136 | K38: 55 | L38: 74 | M38: 1 | N38: 130 | O38: 4.16 | P38: 1.3 | Q38: 0.04
A39: 9 | B39: ТСЦ-101-2542 Постан.Правит.Свердл.обл. от 10.11.10 №1616-ПП | C39: Сталь угловая 50х50 мм | D39: т | E39: 0.032 | F39: 7493.82 | J39: 240
A40: 10 | B40: ТЕР45-06-004-05прим. Постан.Правит.Свердл.обл. от 10.11.10 №1616-ПП | C40: Футеровка стен тепловых агрегатов плитными материалами, толщина футеровки до 200 мм Модуль ALSIBLOCK 1260/150 150х700х150 40 шт | D40: 1 м2 футеровки | E40: 8.4 | F40: 2095.08 | G40: 207.36 | H40: 97.19 | I40: 4.86 | J40: 17599 | K40: 1742 | L40: 816 | M40: 41 | N40: 15.07 | O40: 126.59 | P40: 0.28 | Q40: 2.35
A41: Итого по разделу 2 Секция 2 - 2шт | J41: 26528 | O41: 208.12 | Q41: 3.79
A42: Раздел 3. Секция 3 - 2шт
A43: 11 | B43: ТЕРм38-01-006-07 Постан.Правит.Свердл.обл. от 10.11.10 №1616-ПП | C43: Изготовление и сборка с помощью лебедок ручных (с установкой и снятием их в процессе работы) или вручную (мелких деталей) листовые конструкции массой до 0,5 т (бачки, течки, воронки, желоба, лотки и пр.) / Стенки, полка, ребро/ | D43: 1 т конструкций | E43: 0.42 | F43: 6876.13 | G43: 2570.5 | H43: 3760.46 | I43: 49.74 | J43: 2888 | K43: 1080 | L43: 1579 | M43: 21 | N43: 194 | O43: 81.48 | P43: 3.5 | Q43: 1.47
A44: 12 | B44: ТСЦ-101-3772 Постан.Правит.Свердл.обл. от 10.11.10 №1616-ПП | C44: Сталь листовая горячекатаная марки Ст3 толщиной 3,0 мм | D44: т | E44: 0.356 | F44: 7135.55 | J44: 2540
A45: 13 | B45: ТСЦ-101-3776 Постан.Правит.Свердл.обл. от 10.11.10 №1616-ПП | C45: Сталь листовая горячекатаная марки Ст3 толщиной 6-9 мм | D45: т | E45: 0.056 | F45: 7038.29 | J45: 394
A46: 14 | B46: ТСЦ-101-3774 Постан.Правит.Свердл.обл. от 10.11.10 №1616-ПП | C46: Сталь листовая горячекатаная марки Ст3 толщиной 5,0 мм | D46: т | E46: 0.008 | F46: 7061.6 | J46: 56
A47: 15 | B47: ТЕРм38-01-006-08 Постан.Правит.Свердл.обл. от 10.11.10 №1616-ПП | C47: Сборка с помощью лебедок ручных (с установкой и снятием их в процессе работы) или вручную (мелких деталей) стремянки, связи, кронштейны, тормозные конструкции и пр. / Фланцы, кронштейн/ | D47: 1 т конструкций | E47: 0.018 | F47: 4258.4 | G47: 1722.5 | H47: 2301.71 | I47: 19.94 | J47: 77 | K47: 31 | L47: 41 | N47: 130 | O47: 2.34 | P47: 1.3 | Q47: 0.02
A48: 16 | B48: ТСЦ-101-2542 Постан.Правит.Свердл.обл. от 10.11.10 №1616-ПП | C48: Сталь угловая 50х50 мм | D48: т | E48: 0.018 | F48: 7493.82 | J48: 135
A49: 17 | B49: ТЕР45-06-004-05прим. Постан.Правит.Свердл.обл. от 10.11.10 №1616-ПП | C49: Футеровка стен тепловых агрегатов плитными материалами, толщина футеровки до 200 мм Модуль ALSIBLOCK 1260/150 150х700х150 65 шт | D49: 1 м2 футеровки | E49: 13.65 | F49: 2095.08 | G49: 207.36 | H49: 97.19 | I49: 4.86 | J49: 28598 | K49: 2830 | L49: 1327 | M49: 66 | N49: 15.07 | O49: 205.71 | P49: 0.28 | Q49: 3.82
A50: Итого по разделу 3 Секция 3 - 2шт | J50: 43759 | O50: 347.43 | Q50: 6.37
A51: Раздел 4. Секция 4 - 2шт
A52: 18 | B52: ТЕРм38-01-006-07 Постан.Правит.Свердл.обл. от 10.11.10 №1616-ПП | C52: Изготовление и сборка с помощью лебедок ручных (с установкой и снятием их в процессе работы) или вручную (мелких деталей) листовые конструкции массой до 0,5 т (бачки, течки, воронки, желоба, лотки и пр.) / Стенки/ | D52: 1 т конструкций | E52: 0.05 | F52: 6876.13 | G52: 2570.5 | H52: 3760.46 | I52: 49.74 | J52: 344 | K52: 129 | L52: 188 | M52: 2 | N52: 194 | O52: 9.7 | P52: 3.5 | Q52: 0.18
A53: 19 | B53: ТСЦ-101-3772 Постан.Правит.Свердл.обл. от 10.11.10 №1616-ПП | C53: Сталь листовая горячекатаная марки Ст3 толщиной 3,0 мм | D53: т | E53: 0.05 | F53: 7135.55 | J53: 357
A54: 20 | B54: ТЕРм38-01-006-08 Постан.Правит.Свердл.обл. от 10.11.10 №1616-ПП | C54: Сборка с помощью лебедок ручных (с установкой и снятием их в процессе работы) или вручную (мелких деталей) стремянки, связи, кронштейны, тормозные конструкции и пр. / Фланцы/ | D54: 1 т конструкций | E54: 0.0528 | F54: 4258.4 | G54: 1722.5 | H54: 2301.71 | I54: 19.94 | J54: 225 | K54: 91 | L54: 122 | M54: 1 | N54: 130 | O54: 6.86 | P54: 1.3 | Q54: 0.07
A55: 21 | B55: ТСЦ-101-2542 Постан.Правит.Свердл.обл. от 10.11.10 №1616-ПП | C55: Сталь угловая 50х50 мм | D55: т | E55: 0.052 | F55: 7493.82 | J55: 390
A56: 22 | B56: ТСЦ-101-1620 Постан.Правит.Свердл.обл. от 10.11.10 №1616-ПП | C56: Сталь круглая углеродистая обыкновенного качества марки ВСт3пс5-1 диаметром 20 мм | D56: т | E56: 0.0008 | F56: 5524 | J56: 4
A57: 23 | B57: ТЕР45-06-004-05прим. Постан.Правит.Свердл.обл. от 10.11.10 №1616-ПП | C57: Футеровка стен тепловых агрегатов плитными материалами, толщина футеровки до 200 мм Модуль ALSIBLOCK 1260/150 150х700х150 8шт | D57: 1 м2 футеровки | E57: 1.68 | F57: 2095.08 | G57: 207.36 | H57: 97.19 | I57: 4.86 | J57: 3520 | K57: 348 | L57: 163 | M57: 8 | N57: 15.07 | O57: 25.32 | P57: 0.28 | Q57: 0.47
A58: Итого по разделу 4 Секция 4 - 2шт | J58: 6103 | O58: 50.25 | Q58: 0.86
A59: Раздел 5. Прочие изделия и детали
A60: 24 | B60: ТЕР20-02-004-16 Постан.Правит.Свердл.обл. от 10.11.10 №1616-ПП | C60: Установка заслонки - шибера на дымопроводе 500х500 с ручным приводом | D60: 1 клапан | E60: 2 | F60: 452.35 | G60: 73.3 | H60: 8.44 | I60: 0.18 | J60: 905 | K60: 147 | L60: 17 | N60: 5.95 | O60: 11.9 | P60: 0.01 | Q60: 0.02
A61: 25 | B61: Прайс-лист | C61: Шибер ШП 500х500-460-400-150 Ц:187367/1,18/4,325х1,02х1,003 | D61: шт | E61: 2 | F61: 37560.04 | J61: 75120
A62: 26 | B62: ТСЦ-101-0090 Постан.Правит.Свердл.обл. от 10.11.10 №1616-ПП | C62: Болты с шестигранной головкой диаметром резьбы 10 мм | D62: т | E62: 0.00846 | F62: 14444.22 | J62: 122
A63: 27 | B63: ТСЦ-101-0122 Постан.Правит.Свердл.обл. от 10.11.10 №1616-ПП | C63: Гайки шестигранные диаметр резьбы 10 мм | D63: т | E63: 0.00295 | F63: 19039.99 | J63: 56
A64: 28 | B64: ТЕРм38-01-006-08 Постан.Правит.Свердл.обл. от 10.11.10 №1616-ПП | C64: Сборка с помощью лебедок ручных (с установкой и снятием их в процессе работы) или вручную (мелких деталей) стремянки, связи, кронштейны, тормозные конструкции и пр. / Планки, балки/ | D64: 1 т конструкций | E64: 0.07 | F64: 4258.4 | G64: 1722.5 | H64: 2301.71 | I64: 19.94 | J64: 298 | K64: 121 | L64: 161 | M64: 1 | N64: 130 | O64: 9.1 | P64: 1.3 | Q64: 0.09
A65: 29 | B65: ТСЦ-101-3774 Постан.Правит.Свердл.обл. от 10.11.10 №1616-ПП | C65: Сталь листовая горячекатаная марки Ст3 толщиной 5,0 мм | D65: т | E65: 0.012 | F65: 7061.6 | J65: 85
A66: 30 | B66: ТСЦ-101-2542 Постан.Правит.Свердл.обл. от 10.11.10 №1616-ПП | C66: Сталь угловая 50х50 мм | D66: т | E66: 0.058 | F66: 7493.82 | J66: 435
A67: 31 | B67: ТСЦ-509-0965 Постан.Правит.Свердл.обл. от 10.11.10 №1616-ПП | C67: Паронитовая прокладка ПОН3 | D67: т | E67: 0.0006 | F67: 25704 | J67: 15
A68: 32 | B68: ТЕР13-03-002-03 Постан.Правит.Свердл.обл. от 10.11.10 №1616-ПП | C68: Огрунтовка металлических поверхностей за один раз грунтовкой ХС-059 | D68: 100 м2 окрашиваемой поверхности | E68: 1.44 | F68: 574.33 | G68: 79.95 | H68: 11.24 | I68: 0.16 | J68: 827 | K68: 115 | L68: 16 | N68: 5.33 | O68: 7.68 | P68: 0.01 | Q68: 0.01
A69: 33 | B69: ТЕР13-03-004-06 Постан.Правит.Свердл.обл. от 10.11.10 №1616-ПП | C69: Окраска металлических огрунтованных поверхностей эмалью ХВ-124 за 3 раза (общ.указания) КОЭФ. К ПОЗИЦИИ: ПЗ=3 (ОЗП=3; ЭМ=3 к расх.; ЗПМ=3; МАТ=3 к расх.; ТЗ=3; ТЗМ=3) | D69: 100 м2 окрашиваемой поверхности | E69: 1.44 | F69: 1628.28 | G69: 94.71 | H69: 23.31 | I69: 0.48 | J69: 2345 | K69: 136 | L69: 34 | M69: 1 | N69: 7.41 | O69: 10.67 | P69: 0.03 | Q69: 0.04
A70: Итого по разделу 5 Прочие изделия и детали | J70: 81364 | O70: 47.22 | Q70: 0.19
A71: ИТОГИ ПО СМЕТЕ:
A72: Итого прямые затраты по смете в ценах 2001г. | J72: 158951 | K72: 9407 | L72: 6792 | M72: 198 | O72: 692.09 | Q72: 12.05
A73: Итого прямые затраты по смете с учетом коэффициентов к итогам | J73: 162190 | K73: 11288 | L73: 8150 | M73: 237 | O73: 830.51 | Q73: 14.46
A74: В том числе, справочно:
A75: 1. Производство строительных работ по возведению конструктивных элементов промышленных зданий и сооружений (фундаменты, элементы каркаса, стены, перекрытия и др.) внутри строящихся зданий при возведенной коробке здания, в случаях, когда это обосновано ПОС ОЗП=1,2; ЭМ=1,2; ЗПМ=1,2; ТЗ=1,2; ТЗМ=1,2 (Поз. 5, 10, 17, 23-24, 26-27, 32-33, 1-4, 6-9, 11-16, 18-22, 28-31) | J75: 3239 | K75: 1881 | L75: 1358 | M75: 40 | O75: 138.418 | Q75: 2.41
A76: Накладные расходы | J76: 10875
A77: В том числе, справочно:
A78: 66% ФОТ (от 3133) (Поз. 1-4, 6-9, 11-16, 18-22, 28-31) | J78: 2068
A79: 90% ФОТ (от 302) (Поз. 32-33) | J79: 272
A80: 105% ФОТ (от 7914) (Поз. 5, 10, 17, 23) | J80: 8310
A81: 128% ФОТ (от 176) (Поз. 24, 26-27) | J81: 225
A82: Сметная прибыль | J82: 7546
A83: В том числе, справочно:
A84: 40% ФОТ (от 3133) (Поз. 1-4, 6-9, 11-16, 18-22, 28-31) | J84: 1253
A85: 70% ФОТ (от 302) (Поз. 32-33) | J85: 211
A86: 75% ФОТ (от 7914) (Поз. 5, 10, 17, 23) | J86: 5936
A87: 83% ФОТ (от 176) (Поз. 24, 26-27) | J87: 146
A88: Итоги по смете:
A89: Итого Строительные работы | J89: 161576 | O89: 598.36 | Q89: 10.52
A90: Итого Монтажные работы | J90: 19035 | O90: 232.15 | Q90: 3.94
A91: Итого | J91: 180611 | O91: 830.51 | Q91: 14.46
A92: В том числе:
A93: Материалы | J93: 67632
A94: Машины и механизмы | J94: 8150
A95: ФОТ | J95: 11525
A96: Накладные расходы | J96: 10875
A97: Сметная прибыль | J97: 7546
A98: ВСЕГО по смете | J98: 180611 | O98: 830.51 | Q98: 14.46

Sheet 4
A1: СОГЛАСОВАНО: | M1: УТВЕРЖДАЮ:
A4: _________________ | M4: _________________
A5: " _____ " ________________ 201_ г. | M5: "____" ______________201_ г.
H6: ФГУП "Комбинат "Электрохимприбор" г.Лесной
H7: (наименование стройки)
H9: ЛОКАЛЬНЫЙ СМЕТНЫЙ РАСЧЕТ № 4
H10: (локальная смета)
C12: на | D12: Технология производства
H13: (наименование работ и затрат, наименование объекта)
D15: Основание: 13-042-ТХ.С
D16: Сметная стоимость _______________________________________________________________________________________________ | J16: ___________________________44,053 | L16: тыс. руб.
D17: строительных работ _______________________________________________________________________________________________ | J17: _______________________________________________________________________________________________9,269 | L17: тыс. руб.
D18: монтажных работ _______________________________________________________________________________________________ | J18: _______________________________________________________________________________________________34,784 | L18: тыс. руб.
D19: Средства на оплату труда _______________________________________________________________________________________________ | J19: ___________________________12,135 | L19: тыс. руб.
D20: Сметная трудоемкость _______________________________________________________________________________________________ | J20: _______________________________________________________________________________________________826,57 | L20: чел.час
D21: Составлен(а) в текущих (прогнозных) ценах по состоянию на 01.01.2001г.
A24: № пп | B24: Обосно- вание | C24: Наименование | D24: Ед. изм. | E24: Кол. | F24: Стоимость единицы, руб. | J24: Общая стоимость, руб. | N24: Т/з осн. раб.на ед. | O24: Т/з осн. раб. Всего | P24: Т/з мех. на ед. | Q24: Т/з мех. Всего
F25: Всего | G25: В том числе | J25: Всего | K25: В том числе
G26: Осн.З/п | H26: Эк.Маш | I26: З/пМех | K26: Осн.З/п | L26: Эк.Маш | M26: З/пМех
A27: 1 | B27: 2 | C27: 3 | D27: 4 | E27: 5 | F27: 6 | G27: 7 | H27: 8 | I27: 9 | J27: 10 | K27: 11 | L27: 12 | M27: 13 | N27: 14 | O27: 15 | P27: 16 | Q27: 17
A28: Раздел 1.
A29: 1 | B29: ТЕРм37-01-014-10 Постан.Правит.Свердл.обл. от 10.11.10 №1616-ПП | C29: Монтаж оборудования в помещении, масса оборудования 8 т Печь газовая камерная нагревательная ИФШД.2038.00.00.000 КОЭФ. К ПОЗИЦИИ: Коэффициент изменения массы оборудования 1,31-1,4 ПЗ=1,2 (ОЗП=1,2; ЭМ=1,2 к расх.; ЗПМ=1,2; МАТ=1,2 к расх.; ТЗ=1,2; ТЗМ=1,2) | D29: 1 шт. | E29: 2 | F29: 8945.39 | G29: 3657 | H29: 3933.35 | I29: 466.9 | J29: 17891 | K29: 7314 | L29: 7867 | M29: 934 | N29: 276 | O29: 552 | P29: 24.89 | Q29: 49.78
A30: 2 | B30: ТЕР09-06-024-12 Постан.Правит.Свердл.обл. от 10.11.10 №1616-ПП | C30: Монтаж дымопровода отводящего | D30: 1 т конструкций | E30: 1.925 | F30: 2377.22 | G30: 963 | H30: 1059.62 | I30: 5.1 | J30: 4576 | K30: 1854 | L30: 2040 | M30: 10 | N30: 71.07 | O30: 136.81 | P30: 0.28 | Q30: 0.54
A31: Итого по разделу 1 | J31: 44053 | O31: 826.57 | Q31: 60.39
A32: ИТОГИ ПО СМЕТЕ:
A33: Итого прямые затраты по смете в ценах 2001г. | J33: 22467 | K33: 9168 | L33: 9907 | M33: 944 | O33: 688.81 | Q33: 50.32
A34: Итого прямые затраты по смете с учетом коэффициентов к итогам | J34: 26282 | K34: 11002 | L34: 11888 | M34: 1133 | O34: 826.57 | Q34: 60.39
A35: В том числе, справочно:
A36: МДС35 пр.1 т.1 п.1._Производство строительных работ по возведению конструктивных элементов промышленных зданий и сооружений (фундаменты, элементы каркаса, стены, перекрытия и др.) внутри строящихся зданий при возведенной коробке здания, в случаях, когда это обосновано ПОС ОЗП=1,2; ЭМ=1,2; ЗПМ=1,2; ТЗ=1,2; ТЗМ=1,2 (Поз. 2, 1) | J36: 3815 | K36: 1834 | L36: 1981 | M36: 189 | O36: 137.762 | Q36: 10.064
A37: Накладные расходы | J37: 9931
A38: В том числе, справочно:
A39: 80% ФОТ (от 9898) (Поз. 1) | J39: 7918
A40: 90% ФОТ (от 2237) (Поз. 2) | J40: 2013
A41: Сметная прибыль | J41: 7840
A42: В том числе, справочно:
A43: 60% ФОТ (от 9898) (Поз. 1) | J43: 5939
A44: 85% ФОТ (от 2237) (Поз. 2) | J44: 1901
A45: Итоги по смете:
A46: Итого Строительные работы | J46: 9269 | O46: 164.17 | Q46: 0.65
A47: Итого Монтажные работы | J47: 34784 | O47: 662.4 | Q47: 59.74
A48: Итого | J48: 44053 | O48: 826.57 | Q48: 60.39
A49: В том числе:
A50: Материалы | J50: 3392
A51: Машины и механизмы | J51: 11888
A52: ФОТ | J52: 12135
A53: Накладные расходы | J53: 9931
A54: Сметная прибыль | J54: 7840
A55: ВСЕГО по смете | J55: 44053 | O55: 826.57 | Q55: 60.39

Sheet 5
A1: СОГЛАСОВАНО: | M1: УТВЕРЖДАЮ:
A4: _________________ | M4: _________________
A5: " _____ " ________________ 201_ г. | M5: "____" ______________201_ г.
H6: ФГУП "Комбинат "Электрохимприбор" г.Лесной
H7: (наименование стройки)
H9: ЛОКАЛЬНЫЙ СМЕТНЫЙ РАСЧЕТ № 5
H10: (локальная смета)
C12: на | D12: Вентиляция
H13: (наименование работ и затрат, наименование объекта)
D15: Основание: 13-042-ОВ.С
D16: Сметная стоимость строительных работ _______________________________________________________________________________________________ | J16: ___________________________19,249 | L16: тыс. руб.
D17: Средства на оплату труда _______________________________________________________________________________________________ | J17: ___________________________1,077 | L17: тыс. руб.
D18: Сметная трудоемкость _______________________________________________________________________________________________ | J18: _______________________________________________________________________________________________82,53 | L18: чел.час
D19: Составлен(а) в текущих (прогнозных) ценах по состоянию на 01.01.2013г.
A22: № пп | B22: Обосно- вание | C22: Наименование | D22: Ед. изм. | E22: Кол. | F22: Стоимость единицы, руб. | J22: Общая стоимость, руб. | N22: Т/з осн. раб.на ед. | O22: Т/з осн. раб. Всего | P22: Т/з мех. на ед. | Q22: Т/з мех. Всего
F23: Всего | G23: В том числе | J23: Всего | K23: В том числе
G24: Осн.З/п | H24: Эк.Маш | I24: З/пМех | K24: Осн.З/п | L24: Эк.Маш | M24: З/пМех
A25: 1 | B25: 2 | C25: 3 | D25: 4 | E25: 5 | F25: 6 | G25: 7 | H25: 8 | I25: 9 | J25: 10 | K25: 11 | L25: 12 | M25: 13 | N25: 14 | O25: 15 | P25: 16 | Q25: 17
A26: Раздел 1. Монтажные работы
A27: 1 | B27: ТЕР20-01-001-06 Постан.Правит.Свердл.обл. от 10.11.10 №1616-ПП | C27: Прокладка воздуховодов из листовой, оцинкованной стали и алюминия класса Н (нормальные) толщиной 0,6 мм, диаметром до 450 мм КОЭФ. К ПОЗИЦИИ: 3.1 Прокладка воздуховодов на высоте от пола, м: св. 3-х до 5-ти ОЗП=1,06; ТЗ=1,06 | D27: 100 м2 поверхности воздуховодов | E27: 0.2261 | F27: 2358.78 | G27: 1736.61 | H27: 127.29 | I27: 6.92 | J27: 533 | K27: 393 | L27: 29 | M27: 2 | N27: 140.96 | O27: 31.87 | P27: 0.38 | Q27: 0.09
A28: 2 | B28: ТЕР20-01-001-07 Постан.Правит.Свердл.обл. от 10.11.10 №1616-ПП | C28: Прокладка воздуховодов из листовой, оцинкованной стали и алюминия класса Н (нормальные) толщиной 0,7 мм, диаметром от 500 до 560 мм КОЭФ. К ПОЗИЦИИ: 3.1 Прокладка воздуховодов на высоте от пола, м: св. 3-х до 5-ти ОЗП=1,06; ТЗ=1,06 | D28: 100 м2 поверхности воздуховодов | E28: 0.2198 | F28: 2379.09 | G28: 1736.61 | H28: 147.6 | I28: 4.91 | J28: 523 | K28: 382 | L28: 32 | M28: 1 | N28: 140.96 | O28: 30.98 | P28: 0.27 | Q28: 0.06
A29: 3 | B29: ТСЦ-301-1785 Постан.Правит.Свердл.обл. от 10.11.10 №1616-ПП | C29: Воздуховоды из листовой стали толщиной 1,2 мм, диаметром до 1600 мм | D29: м2 | E29: 44.59 | F29: 272.21 | J29: 12138
A30: 4 | B30: ТЕР13-03-004-26 Постан.Правит.Свердл.обл. от 10.11.10 №1616-ПП | C30: Окраска металлических огрунтованных поверхностей эмалью ПФ-115 за 2 раза (см. общ. указ.) КОЭФ. К ПОЗИЦИИ: ПЗ=2 (ОЗП=2; ЭМ=2 к расх.; ЗПМ=2; МАТ=2 к расх.; ТЗ=2; ТЗМ=2) | D30: 100 м2 окрашиваемой поверхности | E30: 0.4459 | F30: 131.32 | G30: 97.9 | H30: 13.36 | I30: 0.32 | J30: 59 | K30: 44 | L30: 6 | N30: 7.66 | O30: 3.42 | P30: 0.02 | Q30: 0.01
A31: 5 | B31: Прайс-лист | C31: Термостойкая антикоррозийная эмаль для воздуховодов Термоксил Ц: 255/1,18/4,325х1,02х1,003 | D31: кг | E31: 13.4 | F31: 51.12 | J31: 685
A32: 6 | B32: ТЕР20-02-008-01 Постан.Правит.Свердл.обл. от 10.11.10 №1616-ПП | C32: Установка отсосов от оборудования | D32: 100 кг отсосов | E32: 0.6327 | F32: 76.62 | G32: 52.6 | H32: 10.92 | J32: 48 | K32: 33 | L32: 7 | N32: 3.97 | O32: 2.51
A33: 7 | B33: ТСЦ-301-2027 Постан.Правит.Свердл.обл. от 10.11.10 №1616-ПП | C33: Отсосы от оборудования из листовой и сортовой стали массой более 5 кг | D33: кг | E33: 63.27 | F33: 39.28 | J33: 2485
A34: 8 | B34: ТСЦ-301-0476 Постан.Правит.Свердл.обл. от 10.11.10 №1616-ПП | C34: Крепления для воздуховодов тяги СТД 446 | D34: т | E34: 0.00114 | F34: 12914.62 | J34: 15
A35: 9 | B35: ТСЦ-101-1773 Постан.Правит.Свердл.обл. от 10.11.10 №1616-ПП | C35: Сталь листовая горячекатаная жаростойкая нержавеющая марки 12Х17, толщиной 1,5 мм (шибер) | D35: т | E35: 0.00943 | F35: 29485 | J35: 278
A36: Итого по разделу 1 Монтажные работы | J36: 19249 | O36: 82.53 | Q36: 0.19
A37: ИТОГИ ПО СМЕТЕ:
A38: Итого прямые затраты по смете в ценах 2001г. | J38: 16764 | K38: 852 | L38: 74 | M38: 3 | O38: 68.78 | Q38: 0.16
A39: Итого прямые затраты по смете с учетом коэффициентов к итогам | J39: 17004 | K39: 1073 | L39: 92 | M39: 4 | O39: 82.53 | Q39: 0.19
A40: В том числе, справочно:
A41: Индивидуальные испытания систем вентиляции ОЗП=5%; ЭМ=5%; ЗПМ=5% (Поз. 1-3, 6-9, 4-5) | J41: 46 | K41: 43 | L41: 4
A42: 1. Производство строительных работ по возведению конструктивных элементов промышленных зданий и сооружений (фундаменты, элементы каркаса, стены, перекрытия и др.) внутри строящихся зданий при возведенной коробке здания, в случаях, когда это обосновано ПОС ОЗП=1,2; ЭМ=1,2; ЗПМ=1,2; ТЗ=1,2; ТЗМ=1,2 (Поз. 1-3, 6-9, 4-5) | J42: 194 | K42: 179 | L42: 15 | M42: 1 | O42: 13.756 | Q42: 0.032
A43: Накладные расходы | J43: 1358
A44: В том числе, справочно:
A45: 90% ФОТ (от 55) (Поз. 4-5) | J45: 50
A46: 128% ФОТ (от 1022) (Поз. 1-3, 6-9) | J46: 1308
A47: Сметная прибыль | J47: 887
A48: В том числе, справочно:
A49: 70% ФОТ (от 55) (Поз. 4-5) | J49: 39
A50: 83% ФОТ (от 1022) (Поз. 1-3, 6-9) | J50: 848
A51: Итоги по смете:
A52: Сантехнические работы - внутренние (трубопроводы, водопровод, канализация, отопление, газоснабжение, вентиляция и кондиционирование воздуха) | J52: 18403 | O52: 78.43 | Q52: 0.18
A53: Защита строительных конструкций и оборудования от коррозии | J53: 846 | O53: 4.1 | Q53: 0.01
A54: Итого | J54: 19249 | O54: 82.53 | Q54: 0.19
A55: В том числе:
A56: Материалы | J56: 15153
A57: Машины и механизмы | J57: 92
A58: ФОТ | J58: 1077
A59: Накладные расходы | J59: 1358
A60: Сметная прибыль | J60: 887
A61: ВСЕГО по смете | J61: 19249 | O61: 82.53 | Q61: 0.19

Sheet 6
A1: СОГЛАСОВАНО: | M1: УТВЕРЖДАЮ:
A4: _________________ | M4: _________________
A5: " _____ " ________________ 201_ г. | M5: "____" ______________201_ г.
H6: ФГУП "Комбинат "Электрохимприбор" г.Лесной
H7: (наименование стройки)
H9: ЛОКАЛЬНЫЙ СМЕТНЫЙ РАСЧЕТ № 6
H10: (локальная смета)
C12: на | D12: Газоснабжение
H13: (наименование работ и затрат, наименование объекта)
D15: Основание: 13-042-ГСВ.С
D16: Сметная стоимость _______________________________________________________________________________________________ | J16: ___________________________6,388 | L16: тыс. руб.
D17: строительных работ _______________________________________________________________________________________________ | J17: _______________________________________________________________________________________________3,858 | L17: тыс. руб.
D18: монтажных работ _______________________________________________________________________________________________ | J18: _______________________________________________________________________________________________2,530 | L18: тыс. руб.
D19: Средства на оплату труда _______________________________________________________________________________________________ | J19: ___________________________0,944 | L19: тыс. руб.
D20: Сметная трудоемкость _______________________________________________________________________________________________ | J20: _______________________________________________________________________________________________66,95 | L20: чел.час
D21: Составлен(а) в текущих (прогнозных) ценах по состоянию на 01.01.2001г.
A24: № пп | B24: Обосно- вание | C24: Наименование | D24: Ед. изм. | E24: Кол. | F24: Стоимость единицы, руб. | J24: Общая стоимость, руб. | N24: Т/з осн. раб.на ед. | O24: Т/з осн. раб. Всего | P24: Т/з мех. на ед. | Q24: Т/з мех. Всего
F25: Всего | G25: В том числе | J25: Всего | K25: В том числе
G26: Осн.З/п | H26: Эк.Маш | I26: З/пМех | K26: Осн.З/п | L26: Эк.Маш | M26: З/пМех
A27: 1 | B27: 2 | C27: 3 | D27: 4 | E27: 5 | F27: 6 | G27: 7 | H27: 8 | I27: 9 | J27: 10 | K27: 11 | L27: 12 | M27: 13 | N27: 14 | O27: 15 | P27: 16 | Q27: 17
A28: Раздел 1. Монтажные работы
A29: 1 | B29: ТЕРм12-12-005-05 Постан.Правит.Свердл.обл. от 10.11.10 №1616-ПП | C29: Арматура приварная с ручным приводом или без привода водопроводная на условное давление до 4 МПа, диаметр условного прохода 32 мм | D29: 1 шт. | E29: 2 | F29: 67.49 | G29: 52.85 | H29: 5.47 | J29: 135 | K29: 106 | L29: 11 | N29: 3.9 | O29: 7.8
A30: 12 | B30: Прайс-лист | C30: Кран шаровый приварной Д32 Р4,0 МПа КШ.Ц.032.040.Н/П.02 Ц:1271/1.18/4,325х1,02х1,003 | D30: шт | E30: 2 | F30: 254.79 | J30: 510
A31: 2 | B31: ТЕРм12-12-005-03 Постан.Правит.Свердл.обл. от 10.11.10 №1616-ПП | C31: Арматура приварная с ручным приводом или без привода водопроводная на условное давление до 4 МПа, диаметр условного прохода 20 мм | D31: 1 шт. | E31: 2 | F31: 61.44 | G31: 50.14 | H31: 5.02 | J31: 123 | K31: 100 | L31: 10 | N31: 3.7 | O31: 7.4
A32: 14 | B32: Прайс-лист | C32: Кран шаровый приварной Д20 Р4,0 МПа КШ.Ц.020.040.Н/П.02 Ц:1197/1.18/4,325х1,02х1,003 | D32: шт | E32: 2 | F32: 239.95 | J32: 480
A33: 3 | B33: ТЕРм12-12-009-03 Постан.Правит.Свердл.обл. от 10.11.10 №1616-ПП | C33: Арматура муфтовая с ручным приводом или без привода водопроводная на условное давление до 10 МПа, диаметр условного прохода 20 мм | D33: 1 шт. | E33: 2 | F33: 76.64 | G33: 65.04 | H33: 5.02 | J33: 153 | K33: 130 | L33: 10 | N33: 4.8 | O33: 9.6
A34: 13 | B34: Прайс-лист | C34: Кран шаровый муфтовый Д20 Р4,0 МПа КШ.Ц.020.040.Н/П.02 Ц:1226/1.18/4,325х1,02х1,003 | D34: шт | E34: 2 | F34: 245.77 | J34: 492
A35: 4 | B35: ТЕР16-02-004-01 Постан.Правит.Свердл.обл. от 10.11.10 №1616-ПП | C35: Прокладка трубопроводов отопления и газоснабжения из стальных бесшовных труб диаметром до 50 мм | D35: 100 м трубопровода | E35: 0.32 | F35: 7249.68 | G35: 837.02 | H35: 157.48 | I35: 3.46 | J35: 2320 | K35: 268 | L35: 50 | M35: 1 | N35: 60.83 | O35: 19.47 | P35: 0.19 | Q35: 0.06
A36: 5 | B36: ТСЦ-301-1224 Постан.Правит.Свердл.обл. от 10.11.10 №1616-ПП | C36: Крепления для трубопроводов: кронштейны, планки, хомуты | D36: кг | E36: 2.98 | F36: 17.02 | J36: 51
A37: 6 | B37: ТЕР19-01-015-01 Постан.Правит.Свердл.обл. от 10.11.10 №1616-ПП | C37: Пневматическое испытание газопроводов | D37: 100 м газопровода | E37: 0.32 | F37: 618.13 | G37: 554.21 | J37: 198 | K37: 177 | N37: 34.9 | O37: 11.17
A38: 7 | B38: ТЕР13-03-002-04 Постан.Правит.Свердл.обл. от 10.11.10 №1616-ПП | C38: Огрунтовка металлических поверхностей за один раз грунтовкой ГФ-021 | D38: 100 м2 окрашиваемой поверхности | E38: 0.0344 | F38: 417.46 | G38: 79.65 | H38: 10.15 | I38: 0.16 | J38: 14 | K38: 3 | N38: 5.31 | O38: 0.18 | P38: 0.01
A39: 8 | B39: ТЕР13-03-004-06 Постан.Правит.Свердл.обл. от 10.11.10 №1616-ПП | C39: Окраска металлических огрунтованных поверхностей эмалью ХВ-124 (за 2 раза) КОЭФ. К ПОЗИЦИИ: ПЗ=2 (ОЗП=2; ЭМ=2 к расх.; ЗПМ=2; МАТ=2 к расх.; ТЗ=2; ТЗМ=2) | D39: 100 м2 окрашиваемой поверхности | E39: 0.0344 | F39: 1085.52 | G39: 63.14 | H39: 15.54 | I39: 0.32 | J39: 37 | K39: 2 | L39: 1 | N39: 4.94 | O39: 0.17 | P39: 0.02
A40: Итого по разделу 1 Монтажные работы | J40: 6388 | O40: 66.95 | Q40: 0.07
A41: ИТОГИ ПО СМЕТЕ:
A42: Итого прямые затраты по смете в ценах 2001г. | J42: 4513 | K42: 786 | L42: 82 | M42: 1 | O42: 55.79 | Q42: 0.06
A43: Итого прямые затраты по смете с учетом коэффициентов к итогам | J43: 4686 | K43: 943 | L43: 98 | M43: 1 | O43: 66.95 | Q43: 0.07
A44: В том числе, справочно:
A45: 1. Производство строительных работ по возведению конструктивных элементов промышленных зданий и сооружений (фундаменты, элементы каркаса, стены, перекрытия и др.) внутри строящихся зданий при возведенной коробке здания, в случаях, когда это обосновано ПОС ОЗП=1,2; ЭМ=1,2; ЗПМ=1,2; ТЗ=1,2; ТЗМ=1,2 (Поз. 4-8, 1, 12, 2, 14, 3, 13) | J45: 173 | K45: 157 | L45: 16 | O45: 11.158 | Q45: 0.012
A46: Накладные расходы | J46: 1012
A47: В том числе, справочно:
A48: 80% ФОТ (от 403) (Поз. 1, 12, 2, 14, 3, 13) | J48: 322
A49: 90% ФОТ (от 6) (Поз. 7-8) | J49: 5
A50: 128% ФОТ (от 535) (Поз. 4-6) | J50: 685
A51: Сметная прибыль | J51: 690
A52: В том числе, справочно:
A53: 60% ФОТ (от 403) (Поз. 1, 12, 2, 14, 3, 13) | J53: 242
A54: 70% ФОТ (от 6) (Поз. 7-8) | J54: 4
A55: 83% ФОТ (от 535) (Поз. 4-6) | J55: 444
A56: Итоги по смете:
A57: Итого Строительные работы | J57: 3858 | O57: 37.19 | Q57: 0.07
A58: Итого Монтажные работы | J58: 2530 | O58: 29.76
A59: Итого | J59: 6388 | O59: 66.95 | Q59: 0.07
A60: В том числе:
A61: Материалы | J61: 2163
A62: Машины и механизмы | J62: 98
A63: ФОТ | J63: 944
A64: Накладные расходы | J64: 1012
A65: Сметная прибыль | J65: 690
A66: ВСЕГО по смете | J66: 6388 | O66: 66.95 | Q66: 0.07

Sheet 7
A1: СОГЛАСОВАНО: | M1: УТВЕРЖДАЮ:
A4: _________________ | M4: _________________
A5: " _____ " ________________ 201_ г. | M5: "____" ______________201_ г.
H6: ФГУП "Комбинат "Электрохимприбор" г.Лесной
H7: (наименование стройки)
H9: ЛОКАЛЬНЫЙ СМЕТНЫЙ РАСЧЕТ № 7
H10: (локальная смета)
C12: на | D12: Силовое электрооборудование
H13: (наименование работ и затрат, наименование объекта)
D15: Основание: 13-042-ЭМ.С
D16: Сметная стоимость _______________________________________________________________________________________________ | J16: ___________________________167,855 | L16: тыс. руб.
D17: монтажных работ _______________________________________________________________________________________________ | J17: _______________________________________________________________________________________________142,078 | L17: тыс. руб.
D18: оборудования _______________________________________________________________________________________________ | J18: _______________________________________________________________________________________________25,777 | L18: тыс. руб.
D19: Средства на оплату труда _______________________________________________________________________________________________ | J19: ___________________________16,057 | L19: тыс. руб.
D20: Сметная трудоемкость _______________________________________________________________________________________________ | J20: _______________________________________________________________________________________________1167,31 | L20: чел.час
D21: Составлен(а) в текущих (прогнозных) ценах по состоянию на 01.01.2001г.
A24: № пп | B24: Обосно- вание | C24: Наименование | D24: Ед. изм. | E24: Кол. | F24: Стоимость единицы, руб. | J24: Общая стоимость, руб. | N24: Т/з осн. раб.на ед. | O24: Т/з осн. раб. Всего | P24: Т/з мех. на ед. | Q24: Т/з мех. Всего
F25: Всего | G25: В том числе | J25: Всего | K25: В том числе
G26: Осн.З/п | H26: Эк.Маш | I26: З/пМех | K26: Осн.З/п | L26: Эк.Маш | M26: З/пМех
A27: 1 | B27: 2 | C27: 3 | D27: 4 | E27: 5 | F27: 6 | G27: 7 | H27: 8 | I27: 9 | J27: 10 | K27: 11 | L27: 12 | M27: 13 | N27: 14 | O27: 15 | P27: 16 | Q27: 17
A28: Раздел 1. Монтажные работы
A29: 1 | B29: ТЕРм08-03-572-06 Постан.Правит.Свердл.обл. от 10.11.10 №1616-ПП | C29: Блок управления шкафного исполнения или распределительный пункт (шкаф), устанавливаемый на полу, высота и ширина до 200х1000 мм | D29: 1 шт. | E29: 2 | F29: 552.93 | G29: 48.76 | H29: 94.76 | I29: 5.46 | J29: 1106 | K29: 98 | L29: 190 | M29: 11 | N29: 3.49 | O29: 6.98 | P29: 0.3 | Q29: 0.6
A30: 2 | B30: ТЕРм08-02-148-01 Постан.Правит.Свердл.обл. от 10.11.10 №1616-ПП | C30: Кабель до 35 кВ в проложенных трубах, блоках и коробах, масса 1 м кабеля до 1 кг | D30: 100 м кабеля | E30: 0.2 | F30: 798.84 | G30: 168.02 | H30: 544.81 | I30: 57.87 | J30: 160 | K30: 34 | L30: 109 | M30: 12 | N30: 12.4 | O30: 2.48 | P30: 3.39 | Q30: 0.68
A31: 3 | B31: ТЕРм08-02-147-01 Постан.Правит.Свердл.обл. от 10.11.10 №1616-ПП | C31: Кабель до 35 кВ по установленным конструкциям и лоткам с креплением на поворотах и в конце трассы, масса 1 м кабеля до 1 кг | D31: 100 м кабеля | E31: 1.36 | F31: 806.06 | G31: 157.18 | H31: 456.3 | I31: 50.35 | J31: 1096 | K31: 214 | L31: 621 | M31: 68 | N31: 11.6 | O31: 15.78 | P31: 2.96 | Q31: 4.03
A32: 4 | B32: ФССЦ-501-8459 И4-Пр. Минрегион от 11.11.11 №535 | C32: Кабель силовой с медными жилами с поливинилхлоридной изоляцией и оболочкой, не распространяющий горение марки ВВГнг, напряжением 0,66 кВ, с числом жил - 5 и сечением 6 мм2 КОЭФ. К ПОЗИЦИИ: Приведение расценок ФЕР к территориальному уровню (Письмо УРЦЦС Ц-297 от 12.04.2011) ОЗП=1,41; ЭМ=1,242 к расх.; ЗПМ=1,7512; МАТ=1,052 к расх.; ТЗ=1,41; ТЗМ=1,7512 | D32: 1000 м | E32: 0.156 | F32: 19610.82 | J32: 3059
A33: 5 | B33: ТЕРм08-02-412-02 Постан.Правит.Свердл.обл. от 10.11.10 №1616-ПП | C33: Затягивание провода в проложенные трубы и металлические рукава первого одножильного или многожильного в общей оплетке, суммарное сечение до 6 мм2 | D33: 100 м | E33: 0.2 | F33: 676.59 | G33: 89.31 | H33: 5.85 | I33: 0.36 | J33: 135 | K33: 18 | L33: 1 | N33: 6.74 | O33: 1.35 | P33: 0.02
A34: 6 | B34: ТЕРм08-02-412-09 Постан.Правит.Свердл.обл. от 10.11.10 №1616-ПП | C34: Затягивание провода в проложенные трубы и металлические рукава каждого последующего одножильного или многожильного в общей оплетке, суммарное сечение до 6 мм2 | D34: 100 м | E34: 0.2 | F34: 248.1 | G34: 30.34 | H34: 2.92 | I34: 0.18 | J34: 50 | K34: 6 | L34: 1 | N34: 2.29 | O34: 0.46 | P34: 0.01
A35: 7 | B35: прайс-лист | C35: Кабель КУПВ 7х0,5-0,38 Ц:33,63/1.18/4,325х1.02х1.003 | D35: м | E35: 20 | F35: 6.74 | J35: 135
A36: 8 | B36: прайс-лист | C36: Кабель РПШ 4х1,5-0,38 Ц:43/1.18/4,325х1.02х1.003 | D36: м | E36: 20 | F36: 8.62 | J36: 172
A37: 9 | B37: ТЕРм08-02-158-14 Постан.Правит.Свердл.обл. от 10.11.10 №1616-ПП | C37: Разделка 3-4-жильного кабеля с пластмассовой и резиновой изоляцией напряжением до 1 кВ, сечение одной жилы до 35 мм2 | D37: 1 шт. | E37: 24 | F37: 26.56 | G37: 15.58 | H37: 2.92 | I37: 0.18 | J37: 637 | K37: 374 | L37: 70 | M37: 4 | N37: 1.15 | O37: 27.6 | P37: 0.01 | Q37: 0.24
A38: 10 | B38: ТЕРм08-02-144-02 Постан.Правит.Свердл.обл. от 10.11.10 №1616-ПП | C38: Присоединение к зажимам жил проводов или кабелей сечением до 6 мм2 | D38: 100 шт. | E38: 0.3 | F38: 179.67 | G38: 176.15 | J38: 54 | K38: 53 | N38: 13 | O38: 3.9
A39: 11 | B39: ТЕРм08-02-144-01 Постан.Правит.Свердл.обл. от 10.11.10 №1616-ПП | C39: Присоединение к зажимам жил проводов или кабелей сечением до 2,5 мм2 | D39: 100 шт. | E39: 0.14 | F39: 165.85 | G39: 162.6 | J39: 23 | K39: 23 | N39: 12 | O39: 1.68
A40: 12 | B40: ТЕРм08-02-405-01 Постан.Правит.Свердл.обл. от 10.11.10 №1616-ПП | C40: Провод по установленным стальным конструкциям и панелям, сечение до 16 мм2 | D40: 100 м | E40: 0.06 | F40: 1533.01 | G40: 507.48 | H40: 145.97 | I40: 4.55 | J40: 92 | K40: 30 | L40: 9 | N40: 38.3 | O40: 2.3 | P40: 0.25 | Q40: 0.02
A41: 13 | B41: прайс-лист | C41: Провод МГШВ 0,35-0,38 Ц:2,71/1.18/4.325х1.02х1.003 | D41: м | E41: 6 | F41: 0.54 | J41: 3
A42: 14 | B42: ТЕРм08-02-397-01 Постан.Правит.Свердл.обл. от 10.11.10 №1616-ПП | C42: Профиль перфорированный монтажный длиной 2 м | D42: 100 м | E42: 0.16 | F42: 1392.25 | G42: 141.78 | H42: 242.87 | I42: 57.25 | J42: 223 | K42: 23 | L42: 39 | M42: 9 | N42: 10.7 | O42: 1.71 | P42: 3.61 | Q42: 0.58
A43: 15 | B43: прайс-лист | C43: Профиль зетовый К239У2 Ц:567,21/1.18/4,325х1.02х1.003 | D43: шт | E43: 2 | F43: 113.7 | J43: 227
A44: 16 | B44: прайс-лист | C44: Швеллер К235У2 Ц:236/1.18/4.325х1.02х1.003 | D44: шт | E44: 6 | F44: 47.31 | J44: 284
A45: 17 | B45: ТЕРм08-02-395-01 Постан.Правит.Свердл.обл. от 10.11.10 №1616-ПП | C45: Лоток металлический штампованный по установленным конструкциям, ширина лотка до 200 мм /вес 2,31х6=13,86/ | D45: 1 т | E45: 0.111 | F45: 2242.32 | G45: 894.38 | H45: 1248.2 | I45: 337.7 | J45: 249 | K45: 99 | L45: 139 | M45: 37 | N45: 67.5 | O45: 7.49 | P45: 21.36 | Q45: 2.37
A46: 18 | B46: прайс-лист | C46: Лоток 200х6000х80 ULM682 DDL5020 с крышкой Ц:636,4/1.18/4,325х1.02х1.003 | D46: шт | E46: 16 | F46: 127.57 | J46: 2041
A47: 19 | B47: ТЕРм08-01-087-03 Постан.Правит.Свердл.обл. от 10.11.10 №1616-ПП | C47: Металлические конструкции /вес 0,87х10=8,7 | D47: 1 т | E47: 0.0087 | F47: 18456.73 | G47: 842.81 | H47: 643.96 | I47: 31.67 | J47: 161 | K47: 7 | L47: 6 | N47: 62.2 | O47: 0.54 | P47: 1.74 | Q47: 0.02
A48: 20 | B48: прайс-лист | C48: Консоль BBL 5020 Ц:120/1.18/4.325х1.02х1.003 | D48: шт | E48: 10 | F48: 24.06 | J48: 241
A49: 21 | B49: ТЕРм08-02-408-01 Постан.Правит.Свердл.обл. от 10.11.10 №1616-ПП | C49: Труба стальная во взрывоопасных и пожароопасных помещениях по установленным конструкциям, с креплением накладными скобами, диаметр до 25 мм | D49: 100 м | E49: 0.14 | F49: 3037.72 | G49: 832.1 | H49: 1452.51 | I49: 588.6 | J49: 425 | K49: 116 | L49: 203 | M49: 82 | N49: 62.8 | O49: 8.79 | P49: 37.61 | Q49: 5.27
A50: 22 | B50: ТСЦ-103-0003 Постан.Правит.Свердл.обл. от 10.11.10 №1616-ПП | C50: Трубы стальные сварные водогазопроводные с резьбой черные легкие (неоцинкованные) диаметр условного прохода 25 мм, толщина стенки 2,8 мм | D50: м | E50: 14 | F50: 20.68 | J50: 290
A51: 23 | B51: ТЕРм08-02-408-02 Постан.Правит.Свердл.обл. от 10.11.10 №1616-ПП | C51: Труба стальная во взрывоопасных и пожароопасных помещениях по установленным конструкциям, с креплением накладными скобами, диаметр до 40 мм | D51: 100 м | E51: 0.2 | F51: 3637.08 | G51: 1052.05 | H51: 1826.33 | I51: 726 | J51: 727 | K51: 210 | L51: 365 | M51: 145 | N51: 79.4 | O51: 15.88 | P51: 46.36 | Q51: 9.27
A52: 24 | B52: ТСЦ-103-0004 Постан.Правит.Свердл.обл. от 10.11.10 №1616-ПП | C52: Трубы стальные сварные водогазопроводные с резьбой черные легкие (неоцинкованные) диаметр условного прохода 32 мм, толщина стенки 2,8 мм | D52: м | E52: 20 | F52: 26.35 | J52: 527
A53: 25 | B53: ТЕРм08-02-411-01 Постан.Правит.Свердл.обл. от 10.11.10 №1616-ПП | C53: Рукав металлический наружным диаметром до 48 мм | D53: 100 м | E53: 25 | F53: 3947.41 | G53: 459.78 | H53: 240.22 | I53: 4 | J53: 98685 | K53: 11495 | L53: 6006 | M53: 100 | N53: 34.7 | O53: 867.5 | P53: 0.22 | Q53: 5.5
A54: 26 | B54: ТСЦ-101-2162 Постан.Правит.Свердл.обл. от 10.11.10 №1616-ПП | C54: Рукава металлические диаметром 27 мм РЗ-Ц-Х | D54: м | E54: 25 | F54: 16.41 | J54: 410
A55: 27 | B55: ТЕРм08-02-412-03 Постан.Правит.Свердл.обл. от 10.11.10 №1616-ПП | C55: Затягивание провода в проложенные трубы и металлические рукава первого одножильного или многожильного в общей оплетке, суммарное сечение до 16 мм2 | D55: 100 м | E55: 0.25 | F55: 730.59 | G55: 104.15 | H55: 11.69 | I55: 0.73 | J55: 183 | K55: 26 | L55: 3 | N55: 7.86 | O55: 1.97 | P55: 0.04 | Q55: 0.01
A56: 28 | B56: ТЕРм08-02-412-04 Постан.Правит.Свердл.обл. от 10.11.10 №1616-ПП | C56: Затягивание провода в проложенные трубы и металлические рукава первого одножильного или многожильного в общей оплетке, суммарное сечение до 35 мм2 | D56: 100 м | E56: 0.45 | F56: 787.64 | G56: 148.4 | H56: 23.38 | I56: 1.46 | J56: 354 | K56: 67 | L56: 11 | M56: 1 | N56: 11.2 | O56: 5.04 | P56: 0.08 | Q56: 0.04
A57: 29 | B57: ТЕРм08-01-087-03 Постан.Правит.Свердл.обл. от 10.11.10 №1616-ПП | C57: Металлические конструкции | D57: 1 т | E57: 0.021 | F57: 18456.73 | G57: 842.81 | H57: 643.96 | I57: 31.67 | J57: 388 | K57: 18 | L57: 14 | M57: 1 | N57: 62.2 | O57: 1.31 | P57: 1.74 | Q57: 0.04
A58: 30 | B58: ТСЦ-101-0516 Постан.Правит.Свердл.обл. от 10.11.10 №1616-ПП | C58: Лента стальная горячекатаная с катаной кромкой и разрезанная в рулонах толщиной 3,5 мм, шириной 100-220 мм, сталь марки Ст0 | D58: т | E58: 0.021 | F58: 5242 | J58: 110
A59: Итого по разделу 1 Монтажные работы | J59: 142078 | O59: 1167.31 | Q59: 34.4
A60: Раздел 2. Оборудование
A61: 31 | B61: Прайс-лист | C61: ВРУ-1Д-01-11К-32 Ц:52380/1.18/3,59х1.012х1.03 | D61: шт | E61: 2 | F61: 12888.63 | J61: 25777
A62: Итого по разделу 2 Оборудование | J62: 25777
A63: ИТОГИ ПО СМЕТЕ:
A64: Итого прямые затраты по смете в ценах 2001г. | J64: 138024 | K64: 12911 | L64: 7787 | M64: 470 | O64: 972.76 | Q64: 28.67
A65: Итого прямые затраты по смете с учетом коэффициентов к итогам | J65: 142164 | K65: 15493 | L65: 9344 | M65: 564 | O65: 1167.31 | Q65: 34.4
A66: В том числе, справочно:
A67: 1. Производство строительных работ по возведению конструктивных элементов промышленных зданий и сооружений (фундаменты, элементы каркаса, стены, перекрытия и др.) внутри строящихся зданий при возведенной коробке здания, в случаях, когда это обосновано ПОС ОЗП=1,2; ЭМ=1,2; ЗПМ=1,2; ТЗ=1,2; ТЗМ=1,2 (Поз. 1-30) | J67: 4140 | K67: 2582 | L67: 1557 | M67: 94 | O67: 194.552 | Q67: 5.734
A68: Накладные расходы | J68: 15254
A69: В том числе, справочно:
A70: 95% ФОТ (от 16057) (Поз. 1-30) | J70: 15254
A71: Сметная прибыль | J71: 10437
A72: В том числе, справочно:
A73: 65% ФОТ (от 16057) (Поз. 1-30) | J73: 10437
A74: Итоги по смете:
A75: Итого Монтажные работы | J75: 142078 | O75: 1167.31 | Q75: 34.4
A76: Итого Оборудование | J76: 25777
A77: Итого | J77: 167855 | O77: 1167.31 | Q77: 34.4
A78: В том числе:
A79: Материалы | J79: 88446
A80: Машины и механизмы | J80: 9344
A81: ФОТ | J81: 16057
A82: Оборудование | J82: 25777
A83: Накладные расходы | J83: 15254
A84: Сметная прибыль | J84: 10437
A85: ВСЕГО по смете | J85: 167855 | O85: 1167.31 | Q85: 34.4

Sheet 8
A1: СОГЛАСОВАНО: | M1: УТВЕРЖДАЮ:
A4: _________________ | M4: _________________
A5: " _____ " ________________ 201_ г. | M5: "____" ______________201_ г.
H6: ФГУП "Комбинат "Электрохимприбор" г.Лесной
H7: (наименование стройки)
H9: ЛОКАЛЬНЫЙ СМЕТНЫЙ РАСЧЕТ № 8
H10: (локальная смета)
C12: на | D12: Транспортировка грунта
H13: (наименование работ и затрат, наименование объекта)
D15: Основание: пояснительная записка 5.7.8.Отходы производства и их использование
D16: Сметная стоимость строительных работ _______________________________________________________________________________________________ | J16: ___________________________2,916 | L16: тыс. руб.
D17: Средства на оплату труда _______________________________________________________________________________________________ | J17: ___________________________0,000 | L17: тыс. руб.
D18: Сметная трудоемкость _______________________________________________________________________________________________ | J18: _______________________________________________________________________________________________0 | L18: чел.час
D19: Составлен(а) в текущих (прогнозных) ценах по состоянию на 01.01.2001г.
A22: № пп | B22: Обосно- вание | C22: Наименование | D22: Ед. изм. | E22: Кол. | F22: Стоимость единицы, руб. | J22: Общая стоимость, руб. | N22: Т/з осн. раб.на ед. | O22: Т/з осн. раб. Всего | P22: Т/з мех. на ед. | Q22: Т/з мех. Всего
F23: Всего | G23: В том числе | J23: Всего | K23: В том числе
G24: Осн.З/п | H24: Эк.Маш | I24: З/пМех | K24: Осн.З/п | L24: Эк.Маш | M24: З/пМех
A25: 1 | B25: 2 | C25: 3 | D25: 4 | E25: 5 | F25: 6 | G25: 7 | H25: 8 | I25: 9 | J25: 10 | K25: 11 | L25: 12 | M25: 13 | N25: 14 | O25: 15 | P25: 16 | Q25: 17
A26: Раздел 1.
A27: 1 | B27: ФССЦпг01-01-01-043 И1-Пр. Минрегион от 05.05.12 №189 | C27: Погрузочные работы при автомобильных перевозках: мусора строительного с погрузкой экскаваторами емкостью ковша до 0,5 м3 | D27: 1 т груза | E27: 99.7 | F27: 3.53 | H27: 3.53 | J27: 352 | L27: 352
A28: 2 | B28: ФССЦпг01-01-01-039 И1-Пр. Минрегион от 05.05.12 №189 | C28: Погрузочные работы при автомобильных перевозках: грунта растительного слоя (земля, перегной) вес=10,62х1,75 | D28: 1 т груза | E28: 18.6 | F28: 4.27 | H28: 4.27 | J28: 79 | L28: 79
A29: 3 | B29: ФССЦпг03-21-01-001 Пр. Минрегион от 20.07.11 №354 | C29: Перевозка грузов автомобилями-самосвалами грузоподъемностью 10 т, работающих вне карьера, на расстояние: до 1 км I класс груза | D29: 1 т груза | E29: 26 | F29: 2.91 | H29: 2.91 | J29: 76 | L29: 76
A30: 4 | B30: ФССЦпг03-21-01-040 Пр. Минрегион от 20.07.11 №354 | C30: Перевозка грузов автомобилями-самосвалами грузоподъемностью 10 т, работающих вне карьера, на расстояние: до 40 км I класс груза | D30: 1 т груза | E30: 92.3 | F30: 23.23 | H30: 23.23 | J30: 2144 | L30: 2144
A31: Итого по разделу 1 | J31: 2916
A32: ИТОГИ ПО СМЕТЕ:
A33: Итого прямые затраты по смете в ценах 2001г. | J33: 2651 | L33: 2651
A34: Итого прямые затраты по смете с учетом коэффициентов к итогам | J34: 2916 | L34: 2916
A35: В том числе, справочно:
A36: Поясной коэффициент ПЗ=1,1 (ОЗП=1,1; ЭМ=1,1; ЗПМ=1,1; МАТ=1,1) (Поз. 1-4) | J36: 265 | L36: 265
A37: Итоги по смете:
A38: Погрузо-разгрузочные работы | J38: 474
A39: Перевозка грузов автотранспортом | J39: 2442
A40: Итого | J40: 2916
A41: В том числе:
A42: Машины и механизмы | J42: 2916
A43: ВСЕГО по смете | J43: 2916

Sheet НМЦ
A1: г. Лесной ФГУП "Комбинат "Электрохимприбор"
A3: Расчет начальной (максимальной) цены
A5: Техперевооружение кузнечного участка цеха №393. Монтаж газовых нагревательных печей
A8: Составлен в ценах по состоянию на 01.01.2000 г. с переводом в текущие | D8: руб.
A9: Наименование глав ССР, объектных сметных расчетов, локальных сметных расчетов, видов работ | B9: Сметная стоимость в базисных ценах на 01.01.2000 | C9: Текущая стоимость на момент определения начальной (максимальной) цены | D9: № обосновывающего расчета
A13: 1 | B13: 2 | C13: 3 | D13: 4
A14: Конструкции железобетонные | B14: ='Сводка затрат'!H14 -> 222704 | C14: =ROUND('Сводка затрат'!D14*5.98,0)+ROUND('Сводка затрат'!E14*5.98,0)+ROUND('Сводка затрат'!F14*4.21,0)+ROUND('Сводка затрат'!G14*10.48,0) -> 1331770 | D14: ЛС 1
A15: Конструкции мелаллические | B15: ='Сводка затрат'!H15 -> 32933 | C15: =ROUND('Сводка затрат'!D15*5.98,0)+ROUND('Сводка затрат'!E15*5.98,0)+ROUND('Сводка затрат'!F15*4.21,0)+ROUND('Сводка затрат'!G15*10.48,0) -> 196939 | D15: ЛС 2
A16: Дымопроводы отводящие | B16: ='Сводка затрат'!H16 -> 180611 | C16: =ROUND('Сводка затрат'!D16*5.98,0)+ROUND('Сводка затрат'!E16*5.98,0)+ROUND('Сводка затрат'!F16*4.21,0)+ROUND('Сводка затрат'!G16*10.48,0) -> 1080053 | D16: ЛС 3
A17: Технология производства | B17: ='Сводка затрат'!H17 -> 44053 | C17: =ROUND('Сводка затрат'!D17*5.98,0)+ROUND('Сводка затрат'!E17*5.98,0)+ROUND('Сводка затрат'!F17*4.21,0)+ROUND('Сводка затрат'!G17*10.48,0) -> 263437 | D17: ЛС 4
A18: Вентиляция | B18: ='Сводка затрат'!H18 -> 19249 | C18: =ROUND('Сводка затрат'!D18*5.98,0)+ROUND('Сводка затрат'!E18*5.98,0)+ROUND('Сводка затрат'!F18*4.21,0)+ROUND('Сводка затрат'!G18*10.48,0) -> 115109 | D18: ЛС 5
A19: Газоснабжение | B19: ='Сводка затрат'!H19 -> 6388 | C19: =ROUND('Сводка затрат'!D19*5.98,0)+ROUND('Сводка затрат'!E19*5.98,0)+ROUND('Сводка затрат'!F19*4.21,0)+ROUND('Сводка затрат'!G19*10.48,0) -> 38200 | D19: ЛС 6
A20: Силовое электрооборудование | B20: ='Сводка затрат'!H20 -> 167855 | C20: =ROUND('Сводка затрат'!D20*5.98,0)+ROUND('Сводка затрат'!E20*5.98,0)+ROUND('Сводка затрат'!F20*4.21,0)+ROUND('Сводка затрат'!G20*10.48,0) -> 958147 | D20: ЛС 7
A21: Транспортировка грунта | B21: ='Сводка затрат'!H21 -> 2916 | C21: =ROUND('Сводка затрат'!D21*5.98,0)+ROUND('Сводка затрат'!E21*5.98,0)+ROUND('Сводка затрат'!F21*4.21,0)+ROUND('Сводка затрат'!G21*10.48,0) -> 17438 | D21: ЛС 8
A22: Итого | B22: =SUM(B14:B21) -> 676709 | C22: =SUM(C14:C21) -> 4001093
A24: НДС 18% | C24: =ROUND(C22*18%,2) -> 720196.74
A26: Всего | C26: =SUM(C22:C25) -> 4721289.7
A28: Начальник отдела
A29: капитального строительства | C29: В.В. Моляков
A31: Инженер по проектно-сметной работе | C31: Т.Ш. Ковязина
A34: Согласовано | C34: отдел 028

Sheet Сводка затрат
A1: Приложение №__ к договору от "__"______201_ №_______
A3: г. Лесной. ФГУП "Комбинат "Электрохимприбор"
A5: Сводка затрат
A7: Техперевооружение кузнечного участка цеха №393. Монтаж газовых нагревательных печей
A10: Составлен в ценах по состоянию на 01.01.2000 г.
A11: № п/п | B11: Номера сметных расчетов и смет | C11: Наименование работ и затрат | D11: Сметная стоимость | H11: Общая сметная стоимость, руб.
D12: строительных работ | E12: монтажных работ | F12: оборудования, мебели, инвентаря | G12: прочих затрат
A13: 1 | B13: 2 | C13: 3 | D13: 4 | E13: 5 | F13: 6 | G13: 7 | H13: 8
A14: 1 | B14: ЛС 1 | C14: Конструкции железобетонные | D14: ='1'!J105 -> 222704 | E14: 0 | F14: 0 | G14: 0 | H14: =SUM(D14:G14) -> 222704
A15: 2 | B15: ЛС 2 | C15: Конструкции мелаллические | D15: ='2'!J69 -> 32933 | E15: 0 | F15: 0 | G15: 0 | H15: =SUM(D15:G15) -> 32933
A16: 3 | B16: ЛС 3 | C16: Дымопроводы отводящие | D16: ='3'!J89 -> 161576 | E16: ='3'!J90 -> 19035 | F16: 0 | G16: 0 | H16: =SUM(D16:G16) -> 180611
A17: 4 | B17: ЛС 4 | C17: Технология производства | D17: ='4'!J46 -> 9269 | E17: ='4'!J47 -> 34784 | F17: 0 | G17: 0 | H17: =SUM(D17:G17) -> 44053
A18: 5 | B18: ЛС 5 | C18: Вентиляция | D18: ='5'!J61 -> 19249 | E18: 0 | F18: 0 | G18: 0 | H18: =SUM(D18:G18) -> 19249
A19: 6 | B19: ЛС 6 | C19: Газоснабжение | D19: ='6'!J57 -> 3858 | E19: ='6'!J58 -> 2530 | F19: 0 | G19: 0 | H19: =SUM(D19:G19) -> 6388
A20: 7 | B20: ЛС 7 | C20: Силовое электрооборудование | D20: 0 | E20: ='7'!J75 -> 142078 | F20: ='7'!J76 -> 25777 | G20: 0 | H20: =SUM(D20:G20) -> 167855
A21: 8 | B21: ЛС 8 | C21: Транспортировка грунта | D21: ='8'!J43 -> 2916 | E21: 0 | F21: 0 | G21: 0 | H21: =SUM(D21:G21) -> 2916
C22: Итого в базисных ценах 2000 г. | D22: =SUM(D14:D21) -> 452505 | E22: =SUM(E14:E21) -> 198427 | F22: =SUM(F14:F21) -> 25777 | G22: =SUM(G14:G21) -> 0 | H22: =SUM(D22:G22) -> 676709
C23: Всего в ценах 2013 (Ксмр=5,98, Коб.=4,21, Кпнр=10,48) | D23: =ROUND(D22*5.98,0) -> 2705980 | E23: =ROUND(E22*5.98,0)-1 -> 1186592 | F23: =ROUND(F22*4.21,0) -> 108521 | G23: =ROUND(G22*10.48,0) -> 0 | H23: =SUM(D23:G23) -> 4001093
C24: НДС 18% | D24: =ROUND(D23*18%,2) -> 487076.4 | E24: =ROUND(E23*18%,2) -> 213586.56 | F24: =ROUND(F23*18%,2) -> 19533.78 | G24: =ROUND(G23*18%,2) -> 0 | H24: =SUM(D24:G24) -> 720196.74
C25: Всего в ценах 2013 с НДС | D25: =SUM(D23:D24) -> 3193056.4 | E25: =SUM(E23:E24) -> 1400178.6 | F25: =SUM(F23:F24) -> 128054.78 | G25: =SUM(G23:G24) -> 0 | H25: =SUM(D25:G25) -> 4721289.7
C29: ЗАКАЗЧИК: | H29: ПОДРЯДЧИК:
C30: Генеральный директор
C31: ФГУП "Комбинат "Электрохимприбор"
C33: __________________ А.В. Новиков
